 Dungeon Crawl Stone Soup version 0.31-a0-174-g85c54bcb58 (webtiles) character file.

Game seed: 9600836718913632211

243346 qw the Crack Shot (level 19, -6/137 HPs)
             Began as a Gargoyle Hunter on June 15, 2023.
             Was a High Priest of Okawaru.
             Killed from afar by a starcursed mass (17 damage)
             ... with an accursed screaming
             ... on level 3 of the Abyss.
             The game lasted 00:32:09 (29913 turns).

qw the Crack Shot (Gargoyle Hunter)                Turns: 29913, Time: 00:32:09

Health: -6/137     AC: 33    Str: 17    XL:     19   Next: 87%
Magic:  23/26      EV: 32    Int: 12    God:    Okawaru [*****.]
Gold:   1142       SH:  0    Dex: 25    Spells: 18/18 levels left

rFire   . . .        r - +3 triple crossbow (freeze)
rCold   . . .        (shield currently unavailable)
rNeg    + . .        w - +1 robe of Vines {NoPotionHeal Regen++++}
rPois   inf          z - +2 hat
rElec   +            s - +4 cloak of Servitude {Slay+5 SInv}
rCorr   .            k - +2 pair of gloves
SInv    +            A - +2 pair of boots {Fly}
Will    +....        h - amulet of faith
Stlth   ++++         B - ring of Vurghiulu {rElec EV+5 Str+2}
HPRegen 3.62/turn    p - +6 ring of dexterity
MPRegen 0.20/turn

%: faith
@: about to teleport, heroic, finesse-ful, flying, constricted
A: sickness immunity, AC +14, big wings, negative energy resistance 1,
electricity resistance, torment resistance 1, petrification resistance
}: 1/15 runes: barnacled
a: Renounce Religion, Heroism, Finesse, Duel


You were on level 3 of the Abyss.
You worshipped Okawaru.
Okawaru was extremely pleased with you.
You visited 7 branches of the dungeon, and saw 32 of its levels.
You visited the Abyss 2 times.
You visited 1 bazaar.
You also visited: Gauntlet.

You collected 3269 gold pieces.
You spent 2127 gold pieces at shops.


Innate Abilities, Weirdness & Mutations

You are immune to sickness and miasma.
Your stone body is resilient. (AC +14)
You are immune to poison.
Your large and strong wings let you fly.
You resist negative energy. (rN+)
You are resistant to electric shocks. (rElec)
You are resistant to unholy torment.
You are immune to petrification.


   Skills:
 - Level 21.0(26.0) Fighting
 - Level 22.0(27) Ranged Weapons
 - Level 8.0(13.0) Armour
 + Level 14.5(19.5) Dodging
 - Level 1.1(6.1) Stealth
 - Level 10.0 Invocations


You had 18 spell levels left.
You didn't know any spells.
Your spell library was empty.

Inventory:

Hand Weapons
 r - a +3 triple crossbow of freezing (weapon)
Armour
 f - a +0 hat of see invisible
 k - a +2 pair of gloves (worn)
 o - a scarf of resistance
 s - the +4 cloak of Servitude (worn) {Slay+5 SInv}
   (You found it in a Gauntlet)

   Slay:      It affects your accuracy & damage with ranged weapons and melee
   (+5).
   SInv:      It lets you see invisible.
 u - the +3 hat of Pondering {ponderous, Will+ MP+10 Int+5}
   (You bought it in a shop in a bazaar)

   Int:       It affects your intelligence (+5).
   MP:        It affects your magic capacity (+10).
   Will:      It increases your willpower.
 w - the +1 robe of Vines (worn) {NoPotionHeal Regen++++}
   (You found it on level 11 of the Dungeon)

   NoPotionHeal: Its wearer cannot be healed by potions.
   Regen:     It increases your rate of health regeneration.
 z - a +2 hat (worn)
 A - a +2 pair of boots of flying (worn)
Jewellery
 d - an amulet of reflection
 e - the ring "Xaoze" {Fly rPois rF- rC++ rN+}
   (You found it in a Gauntlet)

   [ring of flight]

   rF:        It makes you vulnerable to fire.
   rC:        It greatly protects you from cold.
   rPois:     It protects you from poison.
   rN:        It protects you from negative energy.
   Fly:       It grants you flight.
 h - an amulet of faith (around neck)
 p - a +6 ring of dexterity (right hand)
 x - a ring of fire
 B - the ring of Vurghiulu (left hand) {rElec EV+5 Str+2}
   (You found it on level 2 of the Shoals)

   [ring of evasion]

   EV:        It affects your evasion (+5).
   Str:       It affects your strength (+2).
   rElec:     It insulates you from electricity.
 Y - the ring "Xienant" {rCorr Str-2 Int+6 Dex+4}
   (You took it off a minotaur in a Gauntlet)

   [ring of resist corrosion]

   Str:       It affects your strength (-2).
   Int:       It affects your intelligence (+6).
   Dex:       It affects your dexterity (+4).
   rCorr:     It protects you from acid and corrosion.
Wands
 y - a wand of digging (10)
Scrolls
 a - 16 scrolls of identify
 i - 10 scrolls of teleportation
 C - a scroll of enchant armour
Potions
 b - 5 potions of lignification
 c - 8 potions of attraction
 g - 3 potions of might
 j - 6 potions of mutation
 l - 5 potions of resistance
 m - 3 potions of cancellation
 n - 4 potions of magic
 q - 6 potions of heal wounds
 t - 2 potions of haste
 v - 8 potions of curing

Dungeon Overview and Level Annotations

Branches:
Dungeon (15/15)            Temple (1/1) D:4            Lair (5/5) D:11
 Shoals (4/4) Lair:2       Spider (3/4) Lair:2        Slime (0/5) Lair:4
    Orc (2/2) D:11            Elf (0/3) Orc:2        Vaults (2/5) D:13
  Crypt (0/3) Vaults:2     Depths (0/4) D:15        Gauntlet (visited)

Altars:
Ashenzari
Cheibriados
Dithmenos
Elyvilon
Fedhas
Gozag
Hepliaklqana
Kikubaaqudgha
Makhleb
Nemelex Xobeh
Okawaru
Qazlal
Ru
Sif Muna
Trog
Uskayaw
Vehumet
Wu Jian
Xom
Yredelemnul
Zin
The Shining One
Jiyva
Lugonu

Shops:
D:1 !   D:2 :   D:8 (   Orc:1 [   Orc:2 (![(   Vaults:1 [

Portals:
Abyss: D:6

Annotations:
D:6 2 runed translucent doors
D:12 3 runed translucent doors, qw's ghost, journeyman GrFi
Lair:5 1 runed translucent door, qw's ghost, journeyman GrFi
Orc:1 exclusion: 2 ogres


Message History

A starcursed mass splits.
The large abomination completely misses you.
The glowing orange brain pulsates.
Something tries to feed on your intellect!
29909 ||| Stepping ~*~*~tactically~*~*~ (outnumbered).
A quicksilver dragon comes into view.
The quicksilver dragon breathes dispelling energy at you.
The bolt of dispelling energy hits you but does no damage.
You feel strangely stable.
Your magical effects are unravelling.
29910 ||| READING 11 scrolls of teleportation.
As you read the scroll of teleportation, it crumbles to dust.
You feel strangely unstable.
You feel the power of the Abyss delaying your translocation!
The sentinel's mark upon you fades away.
The +3 battleaxe of venom barely misses you.
The +3 battleaxe of venom completely misses you.
29911 ||| Stepping ~*~*~tactically~*~*~ (outnumbered).
A chorus of shrieks assaults your mind. The +3 battleaxe of venom misses you.
The tentacled monstrosity tentacle-slaps you.
The tentacled monstrosity completely misses you.
The tentacled monstrosity misses you.
The tentacled monstrosity completely misses you.
29912 ||| Stepping ~*~*~tactically~*~*~ (outnumbered).
A starcursed mass splits.
An ancient zyme comes into view.
The tentacled monstrosity tentacle-slaps you.
The tentacled monstrosity tentacle-slaps you but does no damage.
The tentacled monstrosity completely misses you.
The tentacled monstrosity grabs you.
The tentacled monstrosity constricts you.
Tentacles burst from the starspawn's body! 2 starspawn tentacles come into view.
You shoot a bolt.
The bolt hits the tentacled monstrosity!!!
The bolt freezes the tentacled monstrosity.
The tentacled monstrosity is heavily wounded.
A cacophony of accursed wailing tears at your sanity!
You die...

. h...)#.........
..
....#.#....x##.
......*hXX.......
3.X.. .#.Xw#....#
# #### #X#wX...~~
###..XXG~..~
##X.#X~##
#~LX#XX.#.
#...(@.#..
#..#.X#D...... #
#...#...#.. #..
#....##.... ....
#...#.. ... ....
#......# .# ....
......... # .#.#
.#..


You could see 9 starcursed masses, a tentacled monstrosity (summoned), a
quicksilver dragon, a tentacled starspawn (summoned), a lich, a glowing orange
brain, an ancient zyme, a large abomination, 2 starspawn tentacles and a +3
battleaxe of venom (summoned).

Vanquished Creatures
  Boris (Vaults:2)
  A bone dragon (Vaults:2)
  A tentacled monstrosity (Shoals:2)
  2 liches (Abyss:3)
  Gastronok (Lair:1)
  3 sphinxes
  3 krakens
  Kirke (D:14)
  2 tentacled starspawn (Abyss:3)
  Agnes (Spider:2)
  A tengu reaver (Vaults:1)
  A frost giant (Vaults:2)
  2 deep elf sorcerers
  2 ghost moths (Spider:1)
  7 vault wardens
  An orc warlord (Orc:2)
  10 ironbound preservers
  A quicksilver ooze (Gauntlet)
  A formless jellyfish (Vaults:2)
  3 very ugly things
  2 ironbound thunderhulks
  A deep elf demonologist (Vaults:1)
  Azrael (D:12)
  A minotaur (Gauntlet)
  2 dire elephants
  2 spark wasps
  A green death (Abyss:3)
  3 merfolk javelineers
  Josephine (Shoals:1)
  12 merfolk impalers
  6 great orbs of eyes
  4 entropy weavers
  4 yaktaur captains
  2 vault guards (Vaults:1)
  2 radroaches (Spider:3)
  A peacekeeper (Vaults:2)
  7 hydras
  7 merfolk aquamancers
  An ogre mage (Vaults:1)
  An alligator snapping turtle (Shoals:3)
  6 centaur warriors
  6 ironbound frosthearts
  8 boulder beetles
  3 catoblepae (Lair:5)
  3 merfolk avatars
  8 death yaks
  8 two-headed ogres
  A tengu warrior (D:15)
  3 demonic crawlers
  6 satyrs
  3 thrashing horrors (Abyss:3)
  An orc high priest (Orc:1)
  Urug (D:11)
  3 skysharks
  A wretched star (Abyss:3)
  3 skeletal warriors (D:11)
  4 pharaoh ants
  5 orb spiders
  A sun moth (Spider:3)
  12 sea snakes
  3 bog bodies (Shoals:4)
  18 deep trolls
  19 harpies
  2 steelbarb worms (Spider:3)
  2 phantasmal warriors
  5 wizards
  4 ironbound convokers
  A harpy (shapeshifter) (D:15)
  11 wolf spiders
  5 lindwurms
  An orc knight (Orc:1)
  2 deep elf pyromancers
  7 cyclopes
  3 oklob plants (Lair:5)
  5 orc sorcerers
  11 ugly things
  20 manticores
  17 fauns
  2 moths of wrath
  A will-o-the-wisp (Abyss:3)
  3 black mambas
  8 vault sentinels
  10 merfolk sirens
  A smoke demon (Abyss:3)
  A torpor snail (Spider:1)
  5 water nymphs
  3 unseen horrors
  Maggie (Lair:1)
  9 cane toads
  5 rime drakes
  A freezing wraith (D:15)
  A tengu conjurer (D:15)
  6 komodo dragons
  20 yaktaurs
  3 ancient zymes (Abyss:3)
  33 merfolk
  23 tarantellas
  3 meliai (Spider:1)
  A polar bear (Lair:5)
  A tarantella (shapeshifter) (D:14)
  9 wind drakes
  2 hornets (D:8)
  5 raiju (Abyss:3)
  A meliai (shapeshifter) (Vaults:2)
  12 trolls
  14 blink frogs
  10 dream sheep
  4 snapping turtles
  7 jumping spiders
  29 slime creatures
  12 culicivoras
  2 vampires
  4 wraiths
  12 wyverns
  4 water elementals
  A human (D:14)
  3 shadows
  2 fire elementals (D:12)
  2 hogs (D:14)
  42 yaks
  2 basilisks
  Eustachio (D:5)
  A naga simulacrum (Abyss:3)
  28 redbacks
  3 starcursed masses (Abyss:3)
  A steam dragon (D:10)
  10 vampire mosquitoes (D:13)
  A neqoxec (Abyss:3)
  6 wargs
  5 acid dragons
  2 hell hounds (D:12)
  8 water moccasins
  42 orc warriors
  Duvessa (D:4)
  A meliai simulacrum (D:15)
  A black bear (Lair:2)
  2 ice beasts
  8 ogres
  17 centaurs
  2 phantoms (D:6)
  3 kobold brigands
  11 bullfrogs
  5 gnoll sergeants
  5 scorpions
  3 small abominations (Abyss:3)
  5 wights (D:8)
  Dowan (D:4)
  4 killer bees (D:7)
  An electric eel (Lair:2)
  2 howler monkeys
  3 bullfrog zombies (D:6)
  A quasit (Abyss:3)
  32 orc priests
  4 jellies
  12 hounds
  A bullfrog skeleton (D:6)
  2 gnoll boudas (D:10)
  4 sleepcaps
  5 iguanas
  32 orc wizards
  2 killer bee zombies (D:6)
  An adder (shapeshifter) (D:13)
  17 gnolls
  A river rat (D:5)
  11 adders
  2 shadow imps
  3 white imps
  2 ufetubi
  7 worms
  3 dart slugs (D:2)
  123 orcs
  7 endoplasms
  2 giant cockroaches
  4 goblins
  7 hobgoblins
  9 jackals
  11 kobolds
  7 quokkas
  3 training dummies (D:8)
  7 ball pythons
  4 bats (D:2)
  4 frilled lizards
  2 rats (D:2)
  A starspawn tentacle (Abyss:3)
  5 tentacles
1169 creatures vanquished.

Vanquished Creatures (others)
  Nessos (D:14)
  A faun (Shoals:3)
  A wolf spider (Spider:1)
  2 orc wizards (D:9)
  13 foxfires (Abyss:3)
  7 starspawn tentacles (Abyss:3)
  8 tentacles
33 creatures vanquished.

Grand Total: 1202 creatures vanquished

Notes
Turn   | Place    | Note
-------+----------+-------------------------------------------
     0 | D:1      | qw the Gargoyle Hunter began the quest for the Orb.
     0 | D:1      | Reached XP level 1. HP: 12/12 MP: 1/1
     0 | D:1      | 0 ||| qw: Version: 0.2-a-29-g511e9b1
     0 | D:1      | 0 ||| qw: Game counter: 5463
     0 | D:1      | 0 ||| qw: Always use a shield: true
     0 | D:1      | 0 ||| qw: God list: Okawaru
     0 | D:1      | 0 ||| qw: Allow faded altars: false
     0 | D:1      | 0 ||| qw: Do Orc after D:15 true
     0 | D:1      | 0 ||| qw: Do second Lair branch before Depths: true
     0 | D:1      | 0 ||| qw: Lair rune preference: random
     0 | D:1      | 0 ||| qw: Plans: Normal, Zot:1-4, Slime:5, God:TSO, Crypt,
                  | Tomb, Abyss, Pan, Hells, Win
     0 | D:1      | 0 ||| PLANNING D:1-11
   115 | D:1      | Found a faded altar of an unknown god.
   154 | D:1      | Found Ireti's Distillery.
   168 | D:1      | 168 ||| SHOPLISTING 2 potions of curing (78 gold, have 29).
   168 | D:1      | 168 ||| SHOPLISTING 2 potions of might (104 gold, have 29).
   168 | D:1      | 168 ||| SHOPLISTING potion of attraction (39 gold, have
                  | 29).
   168 | D:1      | 168 ||| SHOPLISTING potion of cancellation (104 gold, have
                  | 29).
   168 | D:1      | 168 ||| SHOPLISTING potion of curing (39 gold, have 29).
   168 | D:1      | 168 ||| SHOPLISTING potion of heal wounds (65 gold, have
                  | 29).
   168 | D:1      | 168 ||| SHOPLISTING potion of lignification (39 gold, have
                  | 29).
   168 | D:1      | 168 ||| SHOPLISTING potion of might (52 gold, have 29).
   201 | D:1      | Reached XP level 2. HP: 17/17 MP: 2/2
   690 | D:1      | 690 ||| UPGRADING to +0 ring mail.
   700 | D:1      | 700 ||| DROPPING +0 leather armour.
   701 | D:1      | 701 ||| UPGRADING to +0 pair of gloves.
   706 | D:1      | 706 ||| UPGRADING to +6 ring of strength.
   707 | D:1      | 707 ||| READING scroll labelled UDDARE TEB LUF.
   708 | D:1      | 708 ||| READING scroll labelled LEETUMPE YVEGOIK.
   709 | D:1      | 709 ||| READING scroll labelled TAIRENACHYM.
   710 | D:1      | 710 ||| READING 2 scrolls labelled ISETIU OKKEUF.
   713 | D:1      | 713 ||| DROPPING scroll of butterflies.
   794 | D:2      | Reached skill level 1 in Armour
   811 | D:2      | Reached XP level 3. HP: 21/21 MP: 3/3
   876 | D:2      | Reached skill level 5 in Ranged Weapons
   889 | D:2      | Reached XP level 4. HP: 26/26 MP: 4/4
  1035 | D:2      | Found Vounkirch's Book Shoppe.
  1104 | D:2      | Reached skill level 3 in Fighting
  1290 | D:2      | 1290 ||| UPGRADING to +0 hat of see invisible.
  1295 | D:2      | 1295 ||| READING scroll labelled FUEDOWNOMO.
  1296 | D:2      | 1296 ||| READING scroll labelled KEUZXENEQI.
  1309 | D:3      | 1309 ||| STAIRDANCE
  1318 | D:2      | Reached XP level 5. HP: 25/32 MP: 5/5
  1353 | D:3      | Reached skill level 6 in Ranged Weapons
  1639 | D:3      | Reached XP level 6. HP: 38/38 MP: 6/6
  1797 | D:3      | 1797 ||| READING scroll labelled LAYKA JUNEA.
  1798 | D:3      | 1798 ||| READING 2 scrolls of identify.
  1798 | D:3      | 1798 ||| IDENTIFYING puce potion
  1799 | D:3      | 1799 ||| DROPPING potion of degeneration.
  1842 | D:4      | 1842 ||| FLEEEEING.
  1843 | D:4      | 1843 ||| STAIRDANCE
  1868 | D:4      | 1868 ||| STAIRDANCE
  1916 | D:4      | Found a staircase to the Ecumenical Temple.
  1917 | D:4      | 1917 ||| PLANNING TEMPLE
  1917 | D:4      | 1917 ||| DROPPING +6 ring of intelligence.
  1926 | Temple   | Entered the Ecumenical Temple
  1927 | Temple   | 1927 ||| PLANNING OKAWARU WORSHIP
  1934 | Temple   | Became a worshipper of Warmaster Okawaru
  1935 | Temple   | 1935 ||| PLANNING D:1-11
  2030 | D:4      | Reached skill level 7 in Ranged Weapons
  2244 | D:4      | Reached XP level 7. HP: 43/43 MP: 7/7
  2801 | D:4      | Noticed Duvessa
  2815 | D:4      | Killed Duvessa
  2815 | D:4      | Noticed Dowan
  2816 | D:4      | Reached skill level 8 in Ranged Weapons
  2816 | D:4      | 2816 ||| FLEEEEING.
  2818 | D:4      | 2818 ||| FLEEEEING.
  2819 | D:4      | 2819 ||| FLEEEEING.
  2865 | D:4      | Killed Dowan
  2865 | D:4      | Reached * piety under Okawaru
  3001 | D:4      | 3001 ||| UPGRADING to amulet of reflection.
  3020 | D:5      | Entered Level 5 of the Dungeon
  3021 | D:5      | 3021 ||| PLANNING SEWER
  3032 | D:5      | Identified the +2 shortbow of the Gloaming {heavy, rF+
                  | Will+}
  3034 | D:5      | 3034 ||| UPGRADING to +2 shortbow of the Gloaming {heavy,
                  | rF+ Will+}.
  3046 | D:5      | Reached skill level 1 in Invocations
  3137 | D:5      | Reached XP level 8. HP: 49/49 MP: 8/10
  3178 | D:5      | Found a stormy altar of Qazlal.
  3179 | D:5      | 3179 ||| INVOKING Heroism.
  3196 | D:5      | Found a broken altar of Ashenzari.
  3199 | D:5      | Found a sparkling altar of Nemelex Xobeh.
  3199 | D:5      | Found a burning altar of Makhleb.
  3206 | D:5      | Reached skill level 3 in Invocations
  3247 | D:5      | 3247 ||| INVOKING Heroism.
  3410 | D:5      | Noticed Eustachio
  3411 | D:5      | 3411 ||| INVOKING Heroism.
  3431 | D:5      | 3431 ||| INVOKING Heroism.
  3433 | D:5      | Killed Eustachio
  3748 | D:5      | 3748 ||| Stepping ~*~*~tactically~*~*~ (water).
  3757 | D:5      | 3757 ||| RIP SEWER
  3762 | D:5      | 3762 ||| PLANNING D:1-11
  3762 | D:5      | 3762 ||| Stepping ~*~*~tactically~*~*~ (water).
  3887 | D:5      | 3887 ||| UPGRADING to scarf of resistance.
  3892 | D:5      | 3892 ||| UPGRADING to +6 ring of dexterity.
  3893 | D:5      | 3893 ||| UPGRADING to +4 ring of protection.
  3895 | D:5      | 3895 ||| DROPPING +6 ring of strength.
  3896 | D:5      | 3896 ||| READING scroll labelled MADIEFR XEOST.
  3930 | D:5      | 3930 ||| DRINKING 2 cyan potions.
  3981 | D:6      | Reached skill level 9 in Ranged Weapons
  3988 | D:6      | 3988 ||| INVOKING Heroism.
  3993 | D:6      | 3993 ||| STAIRDANCE
  4110 | D:6      | Reached skill level 6 in Fighting
  4117 | D:6      | Reached ** piety under Okawaru
  4119 | D:6      | 4119 ||| INVOKING Heroism.
  4126 | D:6      | Reached XP level 9. HP: 50/55 MP: 10/12
  4130 | D:6      | Reached skill level 3 in Dodging
  4146 | D:6      | 4146 ||| INVOKING Heroism.
  4243 | D:6      | Found a one-way gate to the infinite horrors of the Abyss.
  4462 | D:6      | Found a large runed translucent door.
  4470 | D:6      | Found a large runed translucent door.
  4570 | D:6      | Found a corrupted altar of Lugonu.
  4644 | D:6      | 4644 ||| UPGRADING to +0 pair of boots.
  4649 | D:6      | 4649 ||| READING scroll labelled VEINLYH COMPY.
  4650 | D:6      | 4650 ||| DRINKING 2 metallic inky potions.
  4651 | D:6      | 4651 ||| READING 3 scrolls of identify.
  4651 | D:6      | 4651 ||| IDENTIFYING orange potion
  4652 | D:6      | 4652 ||| READING 2 scrolls of identify.
  4652 | D:6      | 4652 ||| IDENTIFYING smoky yellow potion
  4653 | D:6      | 4653 ||| DROPPING potion of enlightenment.
  4725 | D:7      | Reached skill level 10 in Ranged Weapons
  4811 | D:7      | Found a sacrificial altar of Ru.
  4883 | D:7      | 4883 ||| INVOKING Heroism.
  4892 | D:7      | Reached skill level 3 in Armour
  5153 | D:7      | 5153 ||| Stepping ~*~*~tactically~*~*~ (outnumbered).
  5163 | D:7      | 5163 ||| Stepping ~*~*~tactically~*~*~ (outnumbered).
  5179 | D:7      | 5179 ||| DROPPING +0 shortbow of draining.
  5609 | D:7      | 5609 ||| READING scroll labelled OWNITR TOXEOS.
  5681 | D:8      | 5681 ||| INVOKING Heroism.
  5820 | D:8      | Noticed a hornet
  5824 | D:8      | Killed a hornet
  5824 | D:8      | Reached *** piety under Okawaru
  5825 | D:8      | Reached skill level 11 in Ranged Weapons
  5825 | D:8      | Reached XP level 10. HP: 59/63 MP: 13/13
  5911 | D:8      | Found Zool's Firing Range.
  5925 | D:8      | 5925 ||| INVOKING Heroism.
  5929 | D:8      | 5929 ||| Stepping ~*~*~tactically~*~*~ (outnumbered).
  6058 | D:8      | 6058 ||| BUYING +0 arbalest (67 gold).
  6058 | D:8      | Bought a +0 arbalest for 67 gold pieces
  6059 | D:8      | 6059 ||| UPGRADING to +0 arbalest.
  6101 | D:8      | 6101 ||| INVOKING Heroism.
  6440 | D:8      | 6440 ||| DRINKING 2 lumpy golden potions.
  6441 | D:8      | 6441 ||| READING 4 scrolls of identify.
  6441 | D:8      | 6441 ||| IDENTIFYING black potion
  6478 | D:9      | 6478 ||| STAIRDANCE
  6520 | D:9      | 6520 ||| STAIRDANCE
  6560 | D:9      | 6560 ||| DROPPING +2 antimagic orcbow.
  6561 | D:9      | 6561 ||| DROPPING +2 shortbow of the Gloaming {heavy, rF+
                  | Will+}.
  6562 | D:9      | 6562 ||| UPGRADING to +2 orcbow of electrocution.
  6563 | D:9      | 6563 ||| DROPPING +0 arbalest.
  6569 | D:9      | Identified the +6 long sword of the Forsaken Friends
                  | {flame, rN+ MP+9 Str-5 Stlth+}
  6650 | D:9      | 6650 ||| Stepping ~*~*~tactically~*~*~ (outnumbered).
  6652 | D:9      | 6652 ||| Stepping ~*~*~tactically~*~*~ (outnumbered).
  6654 | D:9      | 6654 ||| Stepping ~*~*~tactically~*~*~ (outnumbered).
  6656 | D:9      | 6656 ||| INVOKING Heroism.
  6658 | D:9      | 6658 ||| Stepping ~*~*~tactically~*~*~ (outnumbered).
  6672 | D:9      | Reached skill level 12 in Ranged Weapons
  6684 | D:9      | Reached **** piety under Okawaru
  6709 | D:9      | Noticed a two-headed ogre
  6716 | D:9      | 6716 ||| INVOKING Heroism.
  6720 | D:9      | Killed a two-headed ogre
  7166 | D:9      | 7166 ||| INVOKING Heroism.
  7258 | D:9      | 7258 ||| UPGRADING to +0 troll leather armour.
  7268 | D:9      | 7268 ||| DROPPING +0 ring mail.
  7269 | D:9      | 7269 ||| READING scroll labelled BUXAASOAMU.
  7270 | D:9      | 7270 ||| DRINKING 2 bubbling inky potions.
  7271 | D:9      | 7271 ||| READING 4 scrolls of identify.
  7271 | D:9      | 7271 ||| IDENTIFYING yellow potion
  7272 | D:9      | 7272 ||| READING 3 scrolls of identify.
  7272 | D:9      | 7272 ||| IDENTIFYING brown potion
  7273 | D:9      | 7273 ||| READING 2 scrolls of identify.
  7273 | D:9      | 7273 ||| IDENTIFYING blue potion
  7274 | D:9      | 7274 ||| DROPPING potion of ambrosia.
  7300 | D:10     | Entered Level 10 of the Dungeon
  7367 | D:10     | 7367 ||| INVOKING Heroism.
  7409 | D:10     | You fall into a shaft and drop 3 floors!
  7454 | D:13     | Reached XP level 11. HP: 68/68 MP: 15/15
  7463 | D:13     | Reached skill level 6 in Invocations
  7474 | D:13     | Reached ***** piety under Okawaru
  7535 | D:13     | 7535 ||| STAIRDANCE
  7538 | D:12     | 7538 ||| INVOKING Heroism.
  7548 | D:12     | Reached skill level 13 in Ranged Weapons
  7658 | D:12     | 7658 ||| INVOKING Heroism.
  7660 | D:12     | Noticed a boulder beetle
  7661 | D:12     | 7661 ||| INVOKING Finesse.
  7670 | D:12     | Noticed a manticore
  7677 | D:12     | Killed a boulder beetle
  7683 | D:12     | Noticed a red ugly thing
  7685 | D:12     | Killed a manticore
  7686 | D:12     | Reached skill level 9 in Fighting
  7705 | D:12     | Killed a red ugly thing
  7705 | D:12     | Identified the +2 crystal plate armour of Oblivion {rC-
                  | Str+2 Dex+7} (Okawaru gifted it to you on level 12 of the
                  | Dungeon)
  7705 | D:12     | Received a gift from Okawaru
  7766 | D:12     | Noticed Azrael
  7767 | D:12     | 7767 ||| INVOKING Heroism.
  7768 | D:12     | 7768 ||| INVOKING Finesse.
  7786 | D:12     | Killed Azrael
  7787 | D:12     | Reached skill level 9 in Invocations
  7894 | D:12     | Noticed a deep elf pyromancer
  7901 | D:12     | Killed a deep elf pyromancer
  7924 | D:12     | Reached XP level 12. HP: 76/76 MP: 19/19
  7947 | D:12     | 7947 ||| READING scroll labelled TOBLET EMEZXAG.
  7954 | D:11     | 7954 ||| PLANNING GAUNTLET
  7982 | D:11     | Noticed Urug
  7983 | D:11     | 7983 ||| INVOKING Heroism.
  7984 | D:11     | 7984 ||| INVOKING Finesse.
  7992 | D:11     | Killed Urug
  8054 | D:11     | Noticed a two-headed ogre
  8059 | D:11     | Killed a two-headed ogre
  8076 | D:11     | Noticed a two-headed ogre
  8086 | D:11     | Killed a two-headed ogre
  8087 | D:11     | Reached skill level 14 in Ranged Weapons
  8113 | D:11     | Found a gate leading to a gauntlet.
  8126 | Gauntlet | Entered a Gauntlet
  8126 | Gauntlet | Found a transporter.
  8126 | Gauntlet | Found a transporter.
  8129 | Gauntlet | Found a transporter.
  8130 | Gauntlet | Found a transporter.
  8130 | Gauntlet | Found a transporter.
  8130 | Gauntlet | Found a transporter.
  8138 | Gauntlet | Noticed a catoblepas
  8140 | Gauntlet | Found a transporter.
  8140 | Gauntlet | Noticed a quicksilver ooze
  8144 | Gauntlet | Found a transporter.
  8148 | Gauntlet | Noticed a great orb of eyes
  8154 | Gauntlet | Found a transporter.
  8254 | Gauntlet | Found a transporter.
  8258 | Gauntlet | Found a transporter.
  8270 | Gauntlet | Found a transporter.
  8332 | Gauntlet | 8332 ||| INVOKING Heroism.
  8335 | Gauntlet | HP: 13/76 [large slime creature (28)]
  8336 | Gauntlet | 8336 ||| DRINKING 2 potions of heal wounds.
  8338 | Gauntlet | 8338 ||| DRINKING potion of heal wounds.
  8380 | Gauntlet | Identified the ring "Xaoze" {Fly rPois rF- rC++ rN+}
  8382 | Gauntlet | 8382 ||| READING 4 scrolls of identify.
  8382 | Gauntlet | 8382 ||| IDENTIFYING smoky pink potion
  8391 | Gauntlet | 8391 ||| INVOKING Heroism.
  8402 | Gauntlet | Killed a quicksilver ooze
  8436 | Gauntlet | 8436 ||| Stepping randomly (stuck).
  8437 | Gauntlet | 8437 ||| Stepping randomly (stuck).
  8438 | Gauntlet | 8438 ||| Stepping randomly (stuck).
  8439 | Gauntlet | 8439 ||| Stepping randomly (stuck).
  8440 | Gauntlet | 8440 ||| Stepping randomly (stuck).
  8441 | Gauntlet | 8441 ||| Stepping randomly (stuck).
  8442 | Gauntlet | 8442 ||| Stepping randomly (stuck).
  8443 | Gauntlet | 8443 ||| Stepping randomly (stuck).
  8444 | Gauntlet | 8444 ||| Stepping randomly (stuck).
  8445 | Gauntlet | 8445 ||| Stepping randomly (stuck).
  8446 | Gauntlet | 8446 ||| Stepping randomly (stuck).
  8447 | Gauntlet | 8447 ||| Stepping randomly (stuck).
  8448 | Gauntlet | 8448 ||| Stepping randomly (stuck).
  8449 | Gauntlet | 8449 ||| Stepping randomly (stuck).
  8450 | Gauntlet | 8450 ||| Stepping randomly (stuck).
  8451 | Gauntlet | 8451 ||| Stepping randomly (stuck).
  8452 | Gauntlet | 8452 ||| Stepping randomly (stuck).
  8453 | Gauntlet | 8453 ||| Stepping randomly (stuck).
  8454 | Gauntlet | 8454 ||| Stepping randomly (stuck).
  8455 | Gauntlet | 8455 ||| Stepping randomly (stuck).
  8456 | Gauntlet | 8456 ||| Stepping randomly (stuck).
  8457 | Gauntlet | 8457 ||| Stepping randomly (stuck).
  8458 | Gauntlet | 8458 ||| Stepping randomly (stuck).
  8459 | Gauntlet | 8459 ||| Stepping randomly (stuck).
  8460 | Gauntlet | 8460 ||| Stepping randomly (stuck).
  8461 | Gauntlet | 8461 ||| Stepping randomly (stuck).
  8462 | Gauntlet | 8462 ||| Stepping randomly (stuck).
  8463 | Gauntlet | 8463 ||| Stepping randomly (stuck).
  8464 | Gauntlet | 8464 ||| Stepping randomly (stuck).
  8465 | Gauntlet | 8465 ||| Stepping randomly (stuck).
  8466 | Gauntlet | 8466 ||| Stepping randomly (stuck).
  8467 | Gauntlet | 8467 ||| Stepping randomly (stuck).
  8468 | Gauntlet | 8468 ||| Stepping randomly (stuck).
  8469 | Gauntlet | 8469 ||| Stepping randomly (stuck).
  8470 | Gauntlet | 8470 ||| Stepping randomly (stuck).
  8471 | Gauntlet | 8471 ||| Stepping randomly (stuck).
  8472 | Gauntlet | 8472 ||| Stepping randomly (stuck).
  8473 | Gauntlet | 8473 ||| Stepping randomly (stuck).
  8474 | Gauntlet | 8474 ||| Stepping randomly (stuck).
  8475 | Gauntlet | 8475 ||| Stepping randomly (stuck).
  8476 | Gauntlet | 8476 ||| Stepping randomly (stuck).
  8477 | Gauntlet | 8477 ||| Stepping randomly (stuck).
  8478 | Gauntlet | 8478 ||| Stepping randomly (stuck).
  8479 | Gauntlet | 8479 ||| Stepping randomly (stuck).
  8480 | Gauntlet | 8480 ||| Stepping randomly (stuck).
  8481 | Gauntlet | 8481 ||| Stepping randomly (stuck).
  8482 | Gauntlet | 8482 ||| Stepping randomly (stuck).
  8483 | Gauntlet | 8483 ||| Stepping randomly (stuck).
  8484 | Gauntlet | 8484 ||| Stepping randomly (stuck).
  8485 | Gauntlet | 8485 ||| Stepping randomly (stuck).
  8486 | Gauntlet | 8486 ||| Stepping randomly (stuck).
  8487 | Gauntlet | 8487 ||| Stepping randomly (stuck).
  8488 | Gauntlet | 8488 ||| Stepping randomly (stuck).
  8489 | Gauntlet | 8489 ||| Stepping randomly (stuck).
  8490 | Gauntlet | 8490 ||| Stepping randomly (stuck).
  8491 | Gauntlet | 8491 ||| Stepping randomly (stuck).
  8492 | Gauntlet | 8492 ||| Stepping randomly (stuck).
  8493 | Gauntlet | 8493 ||| Stepping randomly (stuck).
  8494 | Gauntlet | 8494 ||| Stepping randomly (stuck).
  8495 | Gauntlet | 8495 ||| Stepping randomly (stuck).
  8496 | Gauntlet | 8496 ||| Stepping randomly (stuck).
  8497 | Gauntlet | 8497 ||| Stepping randomly (stuck).
  8498 | Gauntlet | 8498 ||| Stepping randomly (stuck).
  8499 | Gauntlet | 8499 ||| Stepping randomly (stuck).
  8500 | Gauntlet | 8500 ||| Stepping randomly (stuck).
  8501 | Gauntlet | 8501 ||| Stepping randomly (stuck).
  8502 | Gauntlet | 8502 ||| Stepping randomly (stuck).
  8503 | Gauntlet | 8503 ||| Stepping randomly (stuck).
  8504 | Gauntlet | 8504 ||| Stepping randomly (stuck).
  8505 | Gauntlet | 8505 ||| Stepping randomly (stuck).
  8506 | Gauntlet | 8506 ||| Stepping randomly (stuck).
  8507 | Gauntlet | 8507 ||| Stepping randomly (stuck).
  8508 | Gauntlet | 8508 ||| Stepping randomly (stuck).
  8509 | Gauntlet | 8509 ||| Stepping randomly (stuck).
  8510 | Gauntlet | 8510 ||| Stepping randomly (stuck).
  8511 | Gauntlet | 8511 ||| Stepping randomly (stuck).
  8512 | Gauntlet | 8512 ||| Stepping randomly (stuck).
  8513 | Gauntlet | 8513 ||| Stepping randomly (stuck).
  8514 | Gauntlet | 8514 ||| Stepping randomly (stuck).
  8515 | Gauntlet | 8515 ||| Stepping randomly (stuck).
  8516 | Gauntlet | 8516 ||| Stepping randomly (stuck).
  8517 | Gauntlet | 8517 ||| Stepping randomly (stuck).
  8518 | Gauntlet | 8518 ||| Stepping randomly (stuck).
  8519 | Gauntlet | 8519 ||| Stepping randomly (stuck).
  8520 | Gauntlet | 8520 ||| Stepping randomly (stuck).
  8521 | Gauntlet | 8521 ||| Stepping randomly (stuck).
  8522 | Gauntlet | 8522 ||| Stepping randomly (stuck).
  8523 | Gauntlet | 8523 ||| Stepping randomly (stuck).
  8524 | Gauntlet | 8524 ||| Stepping randomly (stuck).
  8525 | Gauntlet | 8525 ||| Stepping randomly (stuck).
  8526 | Gauntlet | 8526 ||| Stepping randomly (stuck).
  8527 | Gauntlet | 8527 ||| Stepping randomly (stuck).
  8528 | Gauntlet | 8528 ||| Stepping randomly (stuck).
  8529 | Gauntlet | 8529 ||| Stepping randomly (stuck).
  8530 | Gauntlet | 8530 ||| Stepping randomly (stuck).
  8531 | Gauntlet | 8531 ||| Stepping randomly (stuck).
  8532 | Gauntlet | 8532 ||| Stepping randomly (stuck).
  8533 | Gauntlet | 8533 ||| Stepping randomly (stuck).
  8534 | Gauntlet | 8534 ||| Stepping randomly (stuck).
  8535 | Gauntlet | 8535 ||| Stepping randomly (stuck).
  8536 | Gauntlet | 8536 ||| Stepping randomly (stuck).
  8537 | Gauntlet | 8537 ||| Stepping randomly (stuck).
  8538 | Gauntlet | 8538 ||| Stepping randomly (stuck).
  8539 | Gauntlet | 8539 ||| Stepping randomly (stuck).
  8540 | Gauntlet | 8540 ||| Stepping randomly (stuck).
  8541 | Gauntlet | 8541 ||| Stepping randomly (stuck).
  8542 | Gauntlet | 8542 ||| Stepping randomly (stuck).
  8543 | Gauntlet | 8543 ||| Stepping randomly (stuck).
  8544 | Gauntlet | 8544 ||| Stepping randomly (stuck).
  8545 | Gauntlet | 8545 ||| Stepping randomly (stuck).
  8546 | Gauntlet | 8546 ||| Stepping randomly (stuck).
  8547 | Gauntlet | 8547 ||| Stepping randomly (stuck).
  8548 | Gauntlet | 8548 ||| Stepping randomly (stuck).
  8549 | Gauntlet | 8549 ||| Stepping randomly (stuck).
  8550 | Gauntlet | 8550 ||| Stepping randomly (stuck).
  8551 | Gauntlet | 8551 ||| Stepping randomly (stuck).
  8552 | Gauntlet | 8552 ||| Stepping randomly (stuck).
  8553 | Gauntlet | 8553 ||| Stepping randomly (stuck).
  8554 | Gauntlet | 8554 ||| Stepping randomly (stuck).
  8555 | Gauntlet | 8555 ||| Stepping randomly (stuck).
  8556 | Gauntlet | 8556 ||| Stepping randomly (stuck).
  8557 | Gauntlet | 8557 ||| Stepping randomly (stuck).
  8558 | Gauntlet | 8558 ||| Stepping randomly (stuck).
  8559 | Gauntlet | 8559 ||| Stepping randomly (stuck).
  8560 | Gauntlet | 8560 ||| Stepping randomly (stuck).
  8561 | Gauntlet | 8561 ||| Stepping randomly (stuck).
  8562 | Gauntlet | 8562 ||| Stepping randomly (stuck).
  8563 | Gauntlet | 8563 ||| Stepping randomly (stuck).
  8564 | Gauntlet | 8564 ||| Stepping randomly (stuck).
  8565 | Gauntlet | 8565 ||| Stepping randomly (stuck).
  8566 | Gauntlet | 8566 ||| Stepping randomly (stuck).
  8567 | Gauntlet | 8567 ||| Stepping randomly (stuck).
  8568 | Gauntlet | 8568 ||| Stepping randomly (stuck).
  8569 | Gauntlet | 8569 ||| Stepping randomly (stuck).
  8570 | Gauntlet | 8570 ||| Stepping randomly (stuck).
  8571 | Gauntlet | 8571 ||| Stepping randomly (stuck).
  8572 | Gauntlet | 8572 ||| Stepping randomly (stuck).
  8573 | Gauntlet | 8573 ||| Stepping randomly (stuck).
  8574 | Gauntlet | 8574 ||| Stepping randomly (stuck).
  8575 | Gauntlet | 8575 ||| Stepping randomly (stuck).
  8576 | Gauntlet | 8576 ||| Stepping randomly (stuck).
  8577 | Gauntlet | 8577 ||| Stepping randomly (stuck).
  8578 | Gauntlet | 8578 ||| Stepping randomly (stuck).
  8579 | Gauntlet | 8579 ||| Stepping randomly (stuck).
  8580 | Gauntlet | 8580 ||| Stepping randomly (stuck).
  8581 | Gauntlet | 8581 ||| Stepping randomly (stuck).
  8582 | Gauntlet | 8582 ||| Stepping randomly (stuck).
  8583 | Gauntlet | 8583 ||| Stepping randomly (stuck).
  8584 | Gauntlet | 8584 ||| Stepping randomly (stuck).
  8585 | Gauntlet | 8585 ||| Stepping randomly (stuck).
  8586 | Gauntlet | 8586 ||| Stepping randomly (stuck).
  8587 | Gauntlet | 8587 ||| Stepping randomly (stuck).
  8588 | Gauntlet | 8588 ||| Stepping randomly (stuck).
  8589 | Gauntlet | 8589 ||| Stepping randomly (stuck).
  8590 | Gauntlet | 8590 ||| Stepping randomly (stuck).
  8591 | Gauntlet | 8591 ||| Stepping randomly (stuck).
  8592 | Gauntlet | 8592 ||| Stepping randomly (stuck).
  8593 | Gauntlet | 8593 ||| Stepping randomly (stuck).
  8594 | Gauntlet | 8594 ||| Stepping randomly (stuck).
  8595 | Gauntlet | 8595 ||| Stepping randomly (stuck).
  8596 | Gauntlet | 8596 ||| Stepping randomly (stuck).
  8597 | Gauntlet | 8597 ||| Stepping randomly (stuck).
  8598 | Gauntlet | 8598 ||| Stepping randomly (stuck).
  8599 | Gauntlet | 8599 ||| Stepping randomly (stuck).
  8600 | Gauntlet | 8600 ||| Stepping randomly (stuck).
  8601 | Gauntlet | 8601 ||| Stepping randomly (stuck).
  8602 | Gauntlet | 8602 ||| Stepping randomly (stuck).
  8603 | Gauntlet | 8603 ||| Stepping randomly (stuck).
  8604 | Gauntlet | 8604 ||| Stepping randomly (stuck).
  8605 | Gauntlet | 8605 ||| Stepping randomly (stuck).
  8606 | Gauntlet | 8606 ||| Stepping randomly (stuck).
  8607 | Gauntlet | 8607 ||| Stepping randomly (stuck).
  8608 | Gauntlet | 8608 ||| Stepping randomly (stuck).
  8609 | Gauntlet | 8609 ||| Stepping randomly (stuck).
  8610 | Gauntlet | 8610 ||| Stepping randomly (stuck).
  8611 | Gauntlet | 8611 ||| Stepping randomly (stuck).
  8612 | Gauntlet | 8612 ||| Stepping randomly (stuck).
  8613 | Gauntlet | 8613 ||| Stepping randomly (stuck).
  8614 | Gauntlet | 8614 ||| Stepping randomly (stuck).
  8615 | Gauntlet | 8615 ||| Stepping randomly (stuck).
  8616 | Gauntlet | 8616 ||| Stepping randomly (stuck).
  8617 | Gauntlet | 8617 ||| Stepping randomly (stuck).
  8618 | Gauntlet | 8618 ||| Stepping randomly (stuck).
  8619 | Gauntlet | 8619 ||| Stepping randomly (stuck).
  8620 | Gauntlet | 8620 ||| Stepping randomly (stuck).
  8621 | Gauntlet | 8621 ||| Stepping randomly (stuck).
  8622 | Gauntlet | 8622 ||| Stepping randomly (stuck).
  8623 | Gauntlet | 8623 ||| Stepping randomly (stuck).
  8624 | Gauntlet | 8624 ||| Stepping randomly (stuck).
  8625 | Gauntlet | 8625 ||| Stepping randomly (stuck).
  8626 | Gauntlet | 8626 ||| Stepping randomly (stuck).
  8627 | Gauntlet | 8627 ||| Stepping randomly (stuck).
  8628 | Gauntlet | 8628 ||| Stepping randomly (stuck).
  8629 | Gauntlet | 8629 ||| Stepping randomly (stuck).
  8630 | Gauntlet | 8630 ||| Stepping randomly (stuck).
  8631 | Gauntlet | 8631 ||| Stepping randomly (stuck).
  8632 | Gauntlet | 8632 ||| Stepping randomly (stuck).
  8633 | Gauntlet | 8633 ||| Stepping randomly (stuck).
  8634 | Gauntlet | 8634 ||| Stepping randomly (stuck).
  8635 | Gauntlet | 8635 ||| Stepping randomly (stuck).
  8636 | Gauntlet | 8636 ||| Stepping randomly (stuck).
  8637 | Gauntlet | 8637 ||| Stepping randomly (stuck).
  8638 | Gauntlet | 8638 ||| Stepping randomly (stuck).
  8639 | Gauntlet | 8639 ||| Stepping randomly (stuck).
  8640 | Gauntlet | 8640 ||| Stepping randomly (stuck).
  8641 | Gauntlet | 8641 ||| Stepping randomly (stuck).
  8642 | Gauntlet | 8642 ||| Stepping randomly (stuck).
  8643 | Gauntlet | 8643 ||| Stepping randomly (stuck).
  8644 | Gauntlet | 8644 ||| Stepping randomly (stuck).
  8645 | Gauntlet | 8645 ||| Stepping randomly (stuck).
  8646 | Gauntlet | 8646 ||| Stepping randomly (stuck).
  8647 | Gauntlet | 8647 ||| Stepping randomly (stuck).
  8648 | Gauntlet | 8648 ||| Stepping randomly (stuck).
  8649 | Gauntlet | 8649 ||| Stepping randomly (stuck).
  8650 | Gauntlet | 8650 ||| Stepping randomly (stuck).
  8651 | Gauntlet | 8651 ||| Stepping randomly (stuck).
  8652 | Gauntlet | 8652 ||| Stepping randomly (stuck).
  8653 | Gauntlet | 8653 ||| Stepping randomly (stuck).
  8654 | Gauntlet | 8654 ||| Stepping randomly (stuck).
  8655 | Gauntlet | 8655 ||| Stepping randomly (stuck).
  8656 | Gauntlet | 8656 ||| Stepping randomly (stuck).
  8657 | Gauntlet | 8657 ||| Stepping randomly (stuck).
  8658 | Gauntlet | 8658 ||| Stepping randomly (stuck).
  8659 | Gauntlet | 8659 ||| Stepping randomly (stuck).
  8660 | Gauntlet | 8660 ||| Stepping randomly (stuck).
  8661 | Gauntlet | 8661 ||| Stepping randomly (stuck).
  8662 | Gauntlet | 8662 ||| Stepping randomly (stuck).
  8663 | Gauntlet | 8663 ||| Stepping randomly (stuck).
  8664 | Gauntlet | 8664 ||| Stepping randomly (stuck).
  8665 | Gauntlet | 8665 ||| Stepping randomly (stuck).
  8666 | Gauntlet | 8666 ||| Stepping randomly (stuck).
  8667 | Gauntlet | 8667 ||| Stepping randomly (stuck).
  8668 | Gauntlet | 8668 ||| Stepping randomly (stuck).
  8669 | Gauntlet | 8669 ||| Stepping randomly (stuck).
  8670 | Gauntlet | 8670 ||| Stepping randomly (stuck).
  8671 | Gauntlet | 8671 ||| Stepping randomly (stuck).
  8672 | Gauntlet | 8672 ||| Stepping randomly (stuck).
  8673 | Gauntlet | 8673 ||| Stepping randomly (stuck).
  8679 | Gauntlet | Identified the +4 cloak of Servitude {Slay+5 SInv}
  8684 | Gauntlet | 8684 ||| UPGRADING to +4 cloak of Servitude {Slay+5 SInv}.
  8694 | Gauntlet | 8694 ||| UPGRADING to +0 helmet.
  8704 | Gauntlet | 8704 ||| DROPPING ring of flight.
  8715 | Gauntlet | 8715 ||| DRINKING potion of curing.
  8715 | Gauntlet | 8715 ||| (to cure confusion)
  8716 | Gauntlet | 8716 ||| INVOKING Heroism.
  8717 | Gauntlet | Noticed a death scarab
  8717 | Gauntlet | 8717 ||| INVOKING Finesse.
  8729 | Gauntlet | 8729 ||| Stepping randomly (stuck).
  8845 | Gauntlet | 8845 ||| Stepping randomly (stuck).
  8846 | Gauntlet | 8846 ||| Stepping randomly (stuck).
  8847 | Gauntlet | 8847 ||| Stepping randomly (stuck).
  8848 | Gauntlet | 8848 ||| Stepping randomly (stuck).
  8849 | Gauntlet | 8849 ||| Stepping randomly (stuck).
  8850 | Gauntlet | 8850 ||| Stepping randomly (stuck).
  8851 | Gauntlet | 8851 ||| Stepping randomly (stuck).
  8852 | Gauntlet | 8852 ||| Stepping randomly (stuck).
  8853 | Gauntlet | 8853 ||| Stepping randomly (stuck).
  8854 | Gauntlet | 8854 ||| Stepping randomly (stuck).
  8855 | Gauntlet | 8855 ||| Stepping randomly (stuck).
  8856 | Gauntlet | 8856 ||| Stepping randomly (stuck).
  8857 | Gauntlet | 8857 ||| Stepping randomly (stuck).
  8858 | Gauntlet | 8858 ||| Stepping randomly (stuck).
  8859 | Gauntlet | 8859 ||| Stepping randomly (stuck).
  8860 | Gauntlet | 8860 ||| Stepping randomly (stuck).
  8861 | Gauntlet | 8861 ||| Stepping randomly (stuck).
  8862 | Gauntlet | 8862 ||| Stepping randomly (stuck).
  8863 | Gauntlet | 8863 ||| Stepping randomly (stuck).
  8864 | Gauntlet | 8864 ||| Stepping randomly (stuck).
  8865 | Gauntlet | 8865 ||| Stepping randomly (stuck).
  8866 | Gauntlet | 8866 ||| Stepping randomly (stuck).
  8867 | Gauntlet | 8867 ||| Stepping randomly (stuck).
  8868 | Gauntlet | 8868 ||| Stepping randomly (stuck).
  8869 | Gauntlet | 8869 ||| Stepping randomly (stuck).
  8870 | Gauntlet | 8870 ||| Stepping randomly (stuck).
  8871 | Gauntlet | 8871 ||| Stepping randomly (stuck).
  8872 | Gauntlet | 8872 ||| Stepping randomly (stuck).
  8873 | Gauntlet | 8873 ||| Stepping randomly (stuck).
  8874 | Gauntlet | 8874 ||| Stepping randomly (stuck).
  8875 | Gauntlet | 8875 ||| Stepping randomly (stuck).
  8876 | Gauntlet | 8876 ||| Stepping randomly (stuck).
  8877 | Gauntlet | 8877 ||| Stepping randomly (stuck).
  8878 | Gauntlet | 8878 ||| Stepping randomly (stuck).
  8879 | Gauntlet | 8879 ||| Stepping randomly (stuck).
  8880 | Gauntlet | 8880 ||| Stepping randomly (stuck).
  8881 | Gauntlet | 8881 ||| Stepping randomly (stuck).
  8882 | Gauntlet | 8882 ||| Stepping randomly (stuck).
  8883 | Gauntlet | 8883 ||| Stepping randomly (stuck).
  8884 | Gauntlet | 8884 ||| Stepping randomly (stuck).
  8885 | Gauntlet | 8885 ||| Stepping randomly (stuck).
  8886 | Gauntlet | 8886 ||| Stepping randomly (stuck).
  8887 | Gauntlet | 8887 ||| Stepping randomly (stuck).
  8888 | Gauntlet | 8888 ||| Stepping randomly (stuck).
  8889 | Gauntlet | 8889 ||| Stepping randomly (stuck).
  8890 | Gauntlet | 8890 ||| Stepping randomly (stuck).
  8891 | Gauntlet | 8891 ||| Stepping randomly (stuck).
  8892 | Gauntlet | 8892 ||| Stepping randomly (stuck).
  8893 | Gauntlet | 8893 ||| Stepping randomly (stuck).
  8894 | Gauntlet | 8894 ||| Stepping randomly (stuck).
  8895 | Gauntlet | 8895 ||| Stepping randomly (stuck).
  8896 | Gauntlet | 8896 ||| Stepping randomly (stuck).
  8897 | Gauntlet | 8897 ||| Stepping randomly (stuck).
  8898 | Gauntlet | 8898 ||| Stepping randomly (stuck).
  8899 | Gauntlet | 8899 ||| Stepping randomly (stuck).
  8900 | Gauntlet | 8900 ||| Stepping randomly (stuck).
  8901 | Gauntlet | 8901 ||| Stepping randomly (stuck).
  8902 | Gauntlet | 8902 ||| Stepping randomly (stuck).
  8903 | Gauntlet | 8903 ||| Stepping randomly (stuck).
  8904 | Gauntlet | 8904 ||| Stepping randomly (stuck).
  8905 | Gauntlet | 8905 ||| Stepping randomly (stuck).
  8906 | Gauntlet | 8906 ||| Stepping randomly (stuck).
  8907 | Gauntlet | 8907 ||| Stepping randomly (stuck).
  8908 | Gauntlet | 8908 ||| Stepping randomly (stuck).
  8909 | Gauntlet | 8909 ||| Stepping randomly (stuck).
  8910 | Gauntlet | 8910 ||| Stepping randomly (stuck).
  8911 | Gauntlet | 8911 ||| Stepping randomly (stuck).
  8912 | Gauntlet | 8912 ||| Stepping randomly (stuck).
  8913 | Gauntlet | 8913 ||| Stepping randomly (stuck).
  8914 | Gauntlet | 8914 ||| Stepping randomly (stuck).
  8915 | Gauntlet | 8915 ||| Stepping randomly (stuck).
  8916 | Gauntlet | 8916 ||| Stepping randomly (stuck).
  8917 | Gauntlet | 8917 ||| Stepping randomly (stuck).
  8918 | Gauntlet | 8918 ||| Stepping randomly (stuck).
  8919 | Gauntlet | 8919 ||| Stepping randomly (stuck).
  8920 | Gauntlet | 8920 ||| Stepping randomly (stuck).
  8921 | Gauntlet | 8921 ||| Stepping randomly (stuck).
  8922 | Gauntlet | 8922 ||| Stepping randomly (stuck).
  8923 | Gauntlet | 8923 ||| Stepping randomly (stuck).
  8924 | Gauntlet | 8924 ||| Stepping randomly (stuck).
  8925 | Gauntlet | 8925 ||| Stepping randomly (stuck).
  8926 | Gauntlet | 8926 ||| Stepping randomly (stuck).
  8927 | Gauntlet | 8927 ||| Stepping randomly (stuck).
  8928 | Gauntlet | 8928 ||| Stepping randomly (stuck).
  8929 | Gauntlet | 8929 ||| Stepping randomly (stuck).
  8930 | Gauntlet | 8930 ||| Stepping randomly (stuck).
  8931 | Gauntlet | 8931 ||| Stepping randomly (stuck).
  8932 | Gauntlet | 8932 ||| Stepping randomly (stuck).
  8933 | Gauntlet | 8933 ||| Stepping randomly (stuck).
  8934 | Gauntlet | 8934 ||| Stepping randomly (stuck).
  8935 | Gauntlet | 8935 ||| Stepping randomly (stuck).
  8936 | Gauntlet | 8936 ||| Stepping randomly (stuck).
  8937 | Gauntlet | 8937 ||| Stepping randomly (stuck).
  8938 | Gauntlet | 8938 ||| Stepping randomly (stuck).
  8939 | Gauntlet | 8939 ||| Stepping randomly (stuck).
  8940 | Gauntlet | 8940 ||| Stepping randomly (stuck).
  8941 | Gauntlet | 8941 ||| Stepping randomly (stuck).
  8942 | Gauntlet | 8942 ||| Stepping randomly (stuck).
  8943 | Gauntlet | 8943 ||| Stepping randomly (stuck).
  8944 | Gauntlet | 8944 ||| Stepping randomly (stuck).
  8945 | Gauntlet | 8945 ||| Stepping randomly (stuck).
  8946 | Gauntlet | 8946 ||| Stepping randomly (stuck).
  8947 | Gauntlet | 8947 ||| Stepping randomly (stuck).
  8948 | Gauntlet | 8948 ||| Stepping randomly (stuck).
  8949 | Gauntlet | 8949 ||| Stepping randomly (stuck).
  8950 | Gauntlet | 8950 ||| Stepping randomly (stuck).
  8951 | Gauntlet | 8951 ||| Stepping randomly (stuck).
  8952 | Gauntlet | 8952 ||| Stepping randomly (stuck).
  8953 | Gauntlet | 8953 ||| Stepping randomly (stuck).
  8954 | Gauntlet | 8954 ||| Stepping randomly (stuck).
  8955 | Gauntlet | 8955 ||| Stepping randomly (stuck).
  8956 | Gauntlet | 8956 ||| Stepping randomly (stuck).
  8957 | Gauntlet | 8957 ||| Stepping randomly (stuck).
  8958 | Gauntlet | 8958 ||| Stepping randomly (stuck).
  8959 | Gauntlet | 8959 ||| Stepping randomly (stuck).
  8960 | Gauntlet | 8960 ||| Stepping randomly (stuck).
  8961 | Gauntlet | 8961 ||| Stepping randomly (stuck).
  8962 | Gauntlet | 8962 ||| Stepping randomly (stuck).
  8963 | Gauntlet | 8963 ||| Stepping randomly (stuck).
  8964 | Gauntlet | 8964 ||| Stepping randomly (stuck).
  8965 | Gauntlet | 8965 ||| Stepping randomly (stuck).
  8966 | Gauntlet | 8966 ||| Stepping randomly (stuck).
  8967 | Gauntlet | 8967 ||| Stepping randomly (stuck).
  8968 | Gauntlet | 8968 ||| Stepping randomly (stuck).
  8969 | Gauntlet | 8969 ||| Stepping randomly (stuck).
  8970 | Gauntlet | 8970 ||| Stepping randomly (stuck).
  8971 | Gauntlet | 8971 ||| Stepping randomly (stuck).
  8972 | Gauntlet | 8972 ||| Stepping randomly (stuck).
  8973 | Gauntlet | 8973 ||| Stepping randomly (stuck).
  8974 | Gauntlet | 8974 ||| Stepping randomly (stuck).
  8975 | Gauntlet | 8975 ||| Stepping randomly (stuck).
  8976 | Gauntlet | 8976 ||| Stepping randomly (stuck).
  8977 | Gauntlet | 8977 ||| Stepping randomly (stuck).
  8978 | Gauntlet | 8978 ||| Stepping randomly (stuck).
  8979 | Gauntlet | 8979 ||| Stepping randomly (stuck).
  8980 | Gauntlet | 8980 ||| Stepping randomly (stuck).
  8981 | Gauntlet | 8981 ||| Stepping randomly (stuck).
  8982 | Gauntlet | 8982 ||| Stepping randomly (stuck).
  8983 | Gauntlet | 8983 ||| Stepping randomly (stuck).
  8984 | Gauntlet | 8984 ||| Stepping randomly (stuck).
  8985 | Gauntlet | 8985 ||| Stepping randomly (stuck).
  8986 | Gauntlet | 8986 ||| Stepping randomly (stuck).
  8987 | Gauntlet | 8987 ||| Stepping randomly (stuck).
  8988 | Gauntlet | 8988 ||| Stepping randomly (stuck).
  8989 | Gauntlet | 8989 ||| Stepping randomly (stuck).
  8990 | Gauntlet | 8990 ||| Stepping randomly (stuck).
  8991 | Gauntlet | 8991 ||| Stepping randomly (stuck).
  8992 | Gauntlet | 8992 ||| Stepping randomly (stuck).
  8993 | Gauntlet | 8993 ||| Stepping randomly (stuck).
  8994 | Gauntlet | 8994 ||| Stepping randomly (stuck).
  8995 | Gauntlet | 8995 ||| Stepping randomly (stuck).
  8996 | Gauntlet | 8996 ||| Stepping randomly (stuck).
  8997 | Gauntlet | 8997 ||| Stepping randomly (stuck).
  8998 | Gauntlet | 8998 ||| Stepping randomly (stuck).
  8999 | Gauntlet | 8999 ||| Stepping randomly (stuck).
  9000 | Gauntlet | 9000 ||| Stepping randomly (stuck).
  9001 | Gauntlet | 9001 ||| Stepping randomly (stuck).
  9002 | Gauntlet | 9002 ||| Stepping randomly (stuck).
  9003 | Gauntlet | 9003 ||| Stepping randomly (stuck).
  9004 | Gauntlet | 9004 ||| Stepping randomly (stuck).
  9005 | Gauntlet | 9005 ||| Stepping randomly (stuck).
  9006 | Gauntlet | 9006 ||| Stepping randomly (stuck).
  9007 | Gauntlet | 9007 ||| Stepping randomly (stuck).
  9008 | Gauntlet | 9008 ||| Stepping randomly (stuck).
  9009 | Gauntlet | 9009 ||| Stepping randomly (stuck).
  9010 | Gauntlet | 9010 ||| Stepping randomly (stuck).
  9011 | Gauntlet | 9011 ||| Stepping randomly (stuck).
  9012 | Gauntlet | 9012 ||| Stepping randomly (stuck).
  9013 | Gauntlet | 9013 ||| Stepping randomly (stuck).
  9014 | Gauntlet | 9014 ||| Stepping randomly (stuck).
  9015 | Gauntlet | 9015 ||| Stepping randomly (stuck).
  9016 | Gauntlet | 9016 ||| Stepping randomly (stuck).
  9017 | Gauntlet | 9017 ||| Stepping randomly (stuck).
  9018 | Gauntlet | 9018 ||| Stepping randomly (stuck).
  9019 | Gauntlet | 9019 ||| Stepping randomly (stuck).
  9020 | Gauntlet | 9020 ||| Stepping randomly (stuck).
  9021 | Gauntlet | 9021 ||| Stepping randomly (stuck).
  9022 | Gauntlet | 9022 ||| Stepping randomly (stuck).
  9023 | Gauntlet | 9023 ||| Stepping randomly (stuck).
  9024 | Gauntlet | 9024 ||| Stepping randomly (stuck).
  9025 | Gauntlet | 9025 ||| Stepping randomly (stuck).
  9026 | Gauntlet | 9026 ||| Stepping randomly (stuck).
  9027 | Gauntlet | 9027 ||| Stepping randomly (stuck).
  9028 | Gauntlet | 9028 ||| Stepping randomly (stuck).
  9029 | Gauntlet | 9029 ||| Stepping randomly (stuck).
  9030 | Gauntlet | 9030 ||| Stepping randomly (stuck).
  9031 | Gauntlet | 9031 ||| Stepping randomly (stuck).
  9032 | Gauntlet | 9032 ||| Stepping randomly (stuck).
  9033 | Gauntlet | 9033 ||| Stepping randomly (stuck).
  9034 | Gauntlet | 9034 ||| Stepping randomly (stuck).
  9035 | Gauntlet | 9035 ||| Stepping randomly (stuck).
  9036 | Gauntlet | 9036 ||| Stepping randomly (stuck).
  9037 | Gauntlet | 9037 ||| Stepping randomly (stuck).
  9038 | Gauntlet | 9038 ||| Stepping randomly (stuck).
  9039 | Gauntlet | 9039 ||| Stepping randomly (stuck).
  9040 | Gauntlet | 9040 ||| Stepping randomly (stuck).
  9041 | Gauntlet | 9041 ||| Stepping randomly (stuck).
  9042 | Gauntlet | 9042 ||| Stepping randomly (stuck).
  9043 | Gauntlet | 9043 ||| Stepping randomly (stuck).
  9044 | Gauntlet | 9044 ||| Stepping randomly (stuck).
  9045 | Gauntlet | 9045 ||| Stepping randomly (stuck).
  9046 | Gauntlet | 9046 ||| Stepping randomly (stuck).
  9047 | Gauntlet | 9047 ||| Stepping randomly (stuck).
  9048 | Gauntlet | 9048 ||| Stepping randomly (stuck).
  9049 | Gauntlet | 9049 ||| Stepping randomly (stuck).
  9050 | Gauntlet | 9050 ||| Stepping randomly (stuck).
  9051 | Gauntlet | 9051 ||| Stepping randomly (stuck).
  9052 | Gauntlet | 9052 ||| Stepping randomly (stuck).
  9053 | Gauntlet | 9053 ||| Stepping randomly (stuck).
  9054 | Gauntlet | 9054 ||| Stepping randomly (stuck).
  9055 | Gauntlet | 9055 ||| Stepping randomly (stuck).
  9056 | Gauntlet | 9056 ||| Stepping randomly (stuck).
  9057 | Gauntlet | 9057 ||| Stepping randomly (stuck).
  9058 | Gauntlet | 9058 ||| Stepping randomly (stuck).
  9059 | Gauntlet | 9059 ||| Stepping randomly (stuck).
  9060 | Gauntlet | 9060 ||| Stepping randomly (stuck).
  9061 | Gauntlet | 9061 ||| Stepping randomly (stuck).
  9062 | Gauntlet | 9062 ||| Stepping randomly (stuck).
  9063 | Gauntlet | 9063 ||| Stepping randomly (stuck).
  9064 | Gauntlet | 9064 ||| Stepping randomly (stuck).
  9065 | Gauntlet | 9065 ||| Stepping randomly (stuck).
  9066 | Gauntlet | 9066 ||| Stepping randomly (stuck).
  9067 | Gauntlet | 9067 ||| Stepping randomly (stuck).
  9068 | Gauntlet | 9068 ||| Stepping randomly (stuck).
  9069 | Gauntlet | 9069 ||| Stepping randomly (stuck).
  9070 | Gauntlet | 9070 ||| Stepping randomly (stuck).
  9071 | Gauntlet | 9071 ||| Stepping randomly (stuck).
  9072 | Gauntlet | 9072 ||| Stepping randomly (stuck).
  9073 | Gauntlet | 9073 ||| Stepping randomly (stuck).
  9074 | Gauntlet | 9074 ||| Stepping randomly (stuck).
  9075 | Gauntlet | 9075 ||| Stepping randomly (stuck).
  9076 | Gauntlet | 9076 ||| Stepping randomly (stuck).
  9077 | Gauntlet | 9077 ||| Stepping randomly (stuck).
  9078 | Gauntlet | 9078 ||| Stepping randomly (stuck).
  9079 | Gauntlet | 9079 ||| Stepping randomly (stuck).
  9080 | Gauntlet | 9080 ||| Stepping randomly (stuck).
  9081 | Gauntlet | 9081 ||| Stepping randomly (stuck).
  9082 | Gauntlet | 9082 ||| Stepping randomly (stuck).
  9083 | Gauntlet | 9083 ||| Stepping randomly (stuck).
  9084 | Gauntlet | 9084 ||| Stepping randomly (stuck).
  9085 | Gauntlet | 9085 ||| Stepping randomly (stuck).
  9086 | Gauntlet | 9086 ||| Stepping randomly (stuck).
  9087 | Gauntlet | 9087 ||| Stepping randomly (stuck).
  9088 | Gauntlet | 9088 ||| Stepping randomly (stuck).
  9089 | Gauntlet | 9089 ||| Stepping randomly (stuck).
  9090 | Gauntlet | 9090 ||| Stepping randomly (stuck).
  9091 | Gauntlet | 9091 ||| Stepping randomly (stuck).
  9092 | Gauntlet | 9092 ||| Stepping randomly (stuck).
  9093 | Gauntlet | 9093 ||| Stepping randomly (stuck).
  9094 | Gauntlet | 9094 ||| Stepping randomly (stuck).
  9095 | Gauntlet | 9095 ||| Stepping randomly (stuck).
  9096 | Gauntlet | 9096 ||| Stepping randomly (stuck).
  9097 | Gauntlet | 9097 ||| Stepping randomly (stuck).
  9098 | Gauntlet | 9098 ||| Stepping randomly (stuck).
  9099 | Gauntlet | 9099 ||| Stepping randomly (stuck).
  9100 | Gauntlet | 9100 ||| Stepping randomly (stuck).
  9101 | Gauntlet | 9101 ||| Stepping randomly (stuck).
  9102 | Gauntlet | 9102 ||| Stepping randomly (stuck).
  9103 | Gauntlet | 9103 ||| Stepping randomly (stuck).
  9104 | Gauntlet | 9104 ||| Stepping randomly (stuck).
  9105 | Gauntlet | 9105 ||| Stepping randomly (stuck).
  9106 | Gauntlet | 9106 ||| Stepping randomly (stuck).
  9107 | Gauntlet | 9107 ||| Stepping randomly (stuck).
  9108 | Gauntlet | 9108 ||| Stepping randomly (stuck).
  9109 | Gauntlet | 9109 ||| Stepping randomly (stuck).
  9110 | Gauntlet | 9110 ||| Stepping randomly (stuck).
  9111 | Gauntlet | 9111 ||| Stepping randomly (stuck).
  9112 | Gauntlet | 9112 ||| Stepping randomly (stuck).
  9113 | Gauntlet | 9113 ||| Stepping randomly (stuck).
  9114 | Gauntlet | 9114 ||| Stepping randomly (stuck).
  9115 | Gauntlet | 9115 ||| Stepping randomly (stuck).
  9116 | Gauntlet | 9116 ||| Stepping randomly (stuck).
  9117 | Gauntlet | 9117 ||| Stepping randomly (stuck).
  9118 | Gauntlet | 9118 ||| Stepping randomly (stuck).
  9119 | Gauntlet | 9119 ||| Stepping randomly (stuck).
  9120 | Gauntlet | 9120 ||| Stepping randomly (stuck).
  9121 | Gauntlet | 9121 ||| Stepping randomly (stuck).
  9122 | Gauntlet | 9122 ||| Stepping randomly (stuck).
  9123 | Gauntlet | 9123 ||| Stepping randomly (stuck).
  9124 | Gauntlet | 9124 ||| Stepping randomly (stuck).
  9125 | Gauntlet | 9125 ||| Stepping randomly (stuck).
  9126 | Gauntlet | 9126 ||| Stepping randomly (stuck).
  9127 | Gauntlet | 9127 ||| Stepping randomly (stuck).
  9128 | Gauntlet | 9128 ||| Stepping randomly (stuck).
  9129 | Gauntlet | 9129 ||| Stepping randomly (stuck).
  9130 | Gauntlet | 9130 ||| Stepping randomly (stuck).
  9131 | Gauntlet | 9131 ||| Stepping randomly (stuck).
  9132 | Gauntlet | 9132 ||| Stepping randomly (stuck).
  9133 | Gauntlet | 9133 ||| Stepping randomly (stuck).
  9134 | Gauntlet | 9134 ||| Stepping randomly (stuck).
  9135 | Gauntlet | 9135 ||| Stepping randomly (stuck).
  9136 | Gauntlet | 9136 ||| Stepping randomly (stuck).
  9137 | Gauntlet | 9137 ||| Stepping randomly (stuck).
  9138 | Gauntlet | 9138 ||| Stepping randomly (stuck).
  9139 | Gauntlet | 9139 ||| Stepping randomly (stuck).
  9140 | Gauntlet | 9140 ||| Stepping randomly (stuck).
  9141 | Gauntlet | 9141 ||| Stepping randomly (stuck).
  9142 | Gauntlet | 9142 ||| Stepping randomly (stuck).
  9143 | Gauntlet | 9143 ||| Stepping randomly (stuck).
  9144 | Gauntlet | 9144 ||| Stepping randomly (stuck).
  9145 | Gauntlet | 9145 ||| Stepping randomly (stuck).
  9146 | Gauntlet | 9146 ||| Stepping randomly (stuck).
  9147 | Gauntlet | 9147 ||| Stepping randomly (stuck).
  9148 | Gauntlet | 9148 ||| Stepping randomly (stuck).
  9149 | Gauntlet | 9149 ||| Stepping randomly (stuck).
  9150 | Gauntlet | 9150 ||| Stepping randomly (stuck).
  9151 | Gauntlet | 9151 ||| Stepping randomly (stuck).
  9152 | Gauntlet | 9152 ||| Stepping randomly (stuck).
  9153 | Gauntlet | 9153 ||| Stepping randomly (stuck).
  9154 | Gauntlet | 9154 ||| Stepping randomly (stuck).
  9155 | Gauntlet | 9155 ||| Stepping randomly (stuck).
  9156 | Gauntlet | 9156 ||| Stepping randomly (stuck).
  9157 | Gauntlet | 9157 ||| Stepping randomly (stuck).
  9158 | Gauntlet | 9158 ||| Stepping randomly (stuck).
  9159 | Gauntlet | 9159 ||| Stepping randomly (stuck).
  9160 | Gauntlet | 9160 ||| Stepping randomly (stuck).
  9161 | Gauntlet | 9161 ||| Stepping randomly (stuck).
  9162 | Gauntlet | 9162 ||| Stepping randomly (stuck).
  9163 | Gauntlet | 9163 ||| Stepping randomly (stuck).
  9164 | Gauntlet | 9164 ||| Stepping randomly (stuck).
  9165 | Gauntlet | 9165 ||| Stepping randomly (stuck).
  9166 | Gauntlet | 9166 ||| Stepping randomly (stuck).
  9167 | Gauntlet | 9167 ||| Stepping randomly (stuck).
  9168 | Gauntlet | 9168 ||| Stepping randomly (stuck).
  9169 | Gauntlet | 9169 ||| Stepping randomly (stuck).
  9170 | Gauntlet | 9170 ||| Stepping randomly (stuck).
  9171 | Gauntlet | 9171 ||| Stepping randomly (stuck).
  9172 | Gauntlet | 9172 ||| Stepping randomly (stuck).
  9173 | Gauntlet | 9173 ||| Stepping randomly (stuck).
  9174 | Gauntlet | 9174 ||| Stepping randomly (stuck).
  9175 | Gauntlet | 9175 ||| Stepping randomly (stuck).
  9176 | Gauntlet | 9176 ||| Stepping randomly (stuck).
  9177 | Gauntlet | 9177 ||| Stepping randomly (stuck).
  9178 | Gauntlet | 9178 ||| Stepping randomly (stuck).
  9179 | Gauntlet | 9179 ||| Stepping randomly (stuck).
  9180 | Gauntlet | 9180 ||| Stepping randomly (stuck).
  9181 | Gauntlet | 9181 ||| Stepping randomly (stuck).
  9182 | Gauntlet | 9182 ||| Stepping randomly (stuck).
  9183 | Gauntlet | 9183 ||| Stepping randomly (stuck).
  9184 | Gauntlet | 9184 ||| Stepping randomly (stuck).
  9185 | Gauntlet | 9185 ||| Stepping randomly (stuck).
  9186 | Gauntlet | 9186 ||| Stepping randomly (stuck).
  9187 | Gauntlet | 9187 ||| Stepping randomly (stuck).
  9188 | Gauntlet | 9188 ||| Stepping randomly (stuck).
  9189 | Gauntlet | 9189 ||| Stepping randomly (stuck).
  9190 | Gauntlet | 9190 ||| Stepping randomly (stuck).
  9191 | Gauntlet | 9191 ||| Stepping randomly (stuck).
  9192 | Gauntlet | 9192 ||| Stepping randomly (stuck).
  9193 | Gauntlet | 9193 ||| Stepping randomly (stuck).
  9194 | Gauntlet | 9194 ||| Stepping randomly (stuck).
  9195 | Gauntlet | 9195 ||| Stepping randomly (stuck).
  9196 | Gauntlet | 9196 ||| Stepping randomly (stuck).
  9197 | Gauntlet | 9197 ||| Stepping randomly (stuck).
  9198 | Gauntlet | 9198 ||| Stepping randomly (stuck).
  9199 | Gauntlet | 9199 ||| Stepping randomly (stuck).
  9200 | Gauntlet | 9200 ||| Stepping randomly (stuck).
  9201 | Gauntlet | 9201 ||| Stepping randomly (stuck).
  9202 | Gauntlet | 9202 ||| Stepping randomly (stuck).
  9203 | Gauntlet | 9203 ||| Stepping randomly (stuck).
  9204 | Gauntlet | 9204 ||| Stepping randomly (stuck).
  9205 | Gauntlet | 9205 ||| Stepping randomly (stuck).
  9206 | Gauntlet | 9206 ||| Stepping randomly (stuck).
  9207 | Gauntlet | 9207 ||| Stepping randomly (stuck).
  9208 | Gauntlet | 9208 ||| Stepping randomly (stuck).
  9209 | Gauntlet | 9209 ||| Stepping randomly (stuck).
  9210 | Gauntlet | 9210 ||| Stepping randomly (stuck).
  9211 | Gauntlet | 9211 ||| Stepping randomly (stuck).
  9212 | Gauntlet | 9212 ||| Stepping randomly (stuck).
  9213 | Gauntlet | 9213 ||| Stepping randomly (stuck).
  9214 | Gauntlet | 9214 ||| Stepping randomly (stuck).
  9215 | Gauntlet | 9215 ||| Stepping randomly (stuck).
  9216 | Gauntlet | 9216 ||| Stepping randomly (stuck).
  9217 | Gauntlet | 9217 ||| Stepping randomly (stuck).
  9218 | Gauntlet | 9218 ||| Stepping randomly (stuck).
  9219 | Gauntlet | 9219 ||| Stepping randomly (stuck).
  9220 | Gauntlet | 9220 ||| Stepping randomly (stuck).
  9221 | Gauntlet | 9221 ||| Stepping randomly (stuck).
  9222 | Gauntlet | 9222 ||| Stepping randomly (stuck).
  9223 | Gauntlet | 9223 ||| Stepping randomly (stuck).
  9224 | Gauntlet | 9224 ||| Stepping randomly (stuck).
  9225 | Gauntlet | 9225 ||| Stepping randomly (stuck).
  9226 | Gauntlet | 9226 ||| Stepping randomly (stuck).
  9227 | Gauntlet | 9227 ||| Stepping randomly (stuck).
  9228 | Gauntlet | 9228 ||| Stepping randomly (stuck).
  9229 | Gauntlet | 9229 ||| Stepping randomly (stuck).
  9230 | Gauntlet | 9230 ||| Stepping randomly (stuck).
  9231 | Gauntlet | 9231 ||| Stepping randomly (stuck).
  9232 | Gauntlet | 9232 ||| Stepping randomly (stuck).
  9233 | Gauntlet | 9233 ||| Stepping randomly (stuck).
  9234 | Gauntlet | 9234 ||| Stepping randomly (stuck).
  9235 | Gauntlet | 9235 ||| Stepping randomly (stuck).
  9236 | Gauntlet | 9236 ||| Stepping randomly (stuck).
  9237 | Gauntlet | 9237 ||| Stepping randomly (stuck).
  9238 | Gauntlet | 9238 ||| Stepping randomly (stuck).
  9239 | Gauntlet | 9239 ||| Stepping randomly (stuck).
  9240 | Gauntlet | 9240 ||| Stepping randomly (stuck).
  9241 | Gauntlet | 9241 ||| Stepping randomly (stuck).
  9242 | Gauntlet | 9242 ||| Stepping randomly (stuck).
  9243 | Gauntlet | 9243 ||| Stepping randomly (stuck).
  9244 | Gauntlet | 9244 ||| Stepping randomly (stuck).
  9245 | Gauntlet | 9245 ||| Stepping randomly (stuck).
  9246 | Gauntlet | 9246 ||| Stepping randomly (stuck).
  9247 | Gauntlet | 9247 ||| Stepping randomly (stuck).
  9248 | Gauntlet | 9248 ||| Stepping randomly (stuck).
  9249 | Gauntlet | 9249 ||| Stepping randomly (stuck).
  9250 | Gauntlet | 9250 ||| Stepping randomly (stuck).
  9251 | Gauntlet | 9251 ||| Stepping randomly (stuck).
  9252 | Gauntlet | 9252 ||| Stepping randomly (stuck).
  9253 | Gauntlet | 9253 ||| Stepping randomly (stuck).
  9254 | Gauntlet | 9254 ||| Stepping randomly (stuck).
  9255 | Gauntlet | 9255 ||| Stepping randomly (stuck).
  9256 | Gauntlet | 9256 ||| Stepping randomly (stuck).
  9257 | Gauntlet | 9257 ||| Stepping randomly (stuck).
  9258 | Gauntlet | 9258 ||| Stepping randomly (stuck).
  9259 | Gauntlet | 9259 ||| Stepping randomly (stuck).
  9260 | Gauntlet | 9260 ||| Stepping randomly (stuck).
  9261 | Gauntlet | 9261 ||| Stepping randomly (stuck).
  9262 | Gauntlet | 9262 ||| Stepping randomly (stuck).
  9263 | Gauntlet | 9263 ||| Stepping randomly (stuck).
  9264 | Gauntlet | 9264 ||| Stepping randomly (stuck).
  9265 | Gauntlet | 9265 ||| Stepping randomly (stuck).
  9266 | Gauntlet | 9266 ||| Stepping randomly (stuck).
  9267 | Gauntlet | 9267 ||| Stepping randomly (stuck).
  9268 | Gauntlet | 9268 ||| Stepping randomly (stuck).
  9269 | Gauntlet | 9269 ||| Stepping randomly (stuck).
  9270 | Gauntlet | 9270 ||| Stepping randomly (stuck).
  9271 | Gauntlet | 9271 ||| Stepping randomly (stuck).
  9272 | Gauntlet | 9272 ||| Stepping randomly (stuck).
  9273 | Gauntlet | 9273 ||| Stepping randomly (stuck).
  9274 | Gauntlet | 9274 ||| Stepping randomly (stuck).
  9275 | Gauntlet | 9275 ||| Stepping randomly (stuck).
  9276 | Gauntlet | 9276 ||| Stepping randomly (stuck).
  9277 | Gauntlet | 9277 ||| Stepping randomly (stuck).
  9278 | Gauntlet | 9278 ||| Stepping randomly (stuck).
  9279 | Gauntlet | 9279 ||| Stepping randomly (stuck).
  9280 | Gauntlet | 9280 ||| Stepping randomly (stuck).
  9281 | Gauntlet | 9281 ||| Stepping randomly (stuck).
  9282 | Gauntlet | 9282 ||| Stepping randomly (stuck).
  9283 | Gauntlet | 9283 ||| Stepping randomly (stuck).
  9284 | Gauntlet | 9284 ||| Stepping randomly (stuck).
  9285 | Gauntlet | 9285 ||| Stepping randomly (stuck).
  9286 | Gauntlet | 9286 ||| Stepping randomly (stuck).
  9287 | Gauntlet | 9287 ||| Stepping randomly (stuck).
  9288 | Gauntlet | 9288 ||| Stepping randomly (stuck).
  9289 | Gauntlet | 9289 ||| Stepping randomly (stuck).
  9290 | Gauntlet | 9290 ||| Stepping randomly (stuck).
  9291 | Gauntlet | 9291 ||| Stepping randomly (stuck).
  9292 | Gauntlet | 9292 ||| Stepping randomly (stuck).
  9293 | Gauntlet | 9293 ||| Stepping randomly (stuck).
  9294 | Gauntlet | 9294 ||| Stepping randomly (stuck).
  9295 | Gauntlet | 9295 ||| Stepping randomly (stuck).
  9296 | Gauntlet | 9296 ||| Stepping randomly (stuck).
  9297 | Gauntlet | 9297 ||| Stepping randomly (stuck).
  9298 | Gauntlet | 9298 ||| Stepping randomly (stuck).
  9299 | Gauntlet | 9299 ||| Stepping randomly (stuck).
  9300 | Gauntlet | 9300 ||| Stepping randomly (stuck).
  9301 | Gauntlet | 9301 ||| Stepping randomly (stuck).
  9302 | Gauntlet | 9302 ||| Stepping randomly (stuck).
  9303 | Gauntlet | 9303 ||| Stepping randomly (stuck).
  9304 | Gauntlet | 9304 ||| Stepping randomly (stuck).
  9305 | Gauntlet | 9305 ||| Stepping randomly (stuck).
  9306 | Gauntlet | 9306 ||| Stepping randomly (stuck).
  9307 | Gauntlet | 9307 ||| Stepping randomly (stuck).
  9308 | Gauntlet | 9308 ||| Stepping randomly (stuck).
  9309 | Gauntlet | 9309 ||| Stepping randomly (stuck).
  9310 | Gauntlet | 9310 ||| Stepping randomly (stuck).
  9311 | Gauntlet | 9311 ||| Stepping randomly (stuck).
  9312 | Gauntlet | 9312 ||| Stepping randomly (stuck).
  9313 | Gauntlet | 9313 ||| Stepping randomly (stuck).
  9314 | Gauntlet | 9314 ||| Stepping randomly (stuck).
  9315 | Gauntlet | 9315 ||| Stepping randomly (stuck).
  9316 | Gauntlet | 9316 ||| Stepping randomly (stuck).
  9317 | Gauntlet | 9317 ||| Stepping randomly (stuck).
  9318 | Gauntlet | 9318 ||| Stepping randomly (stuck).
  9319 | Gauntlet | 9319 ||| Stepping randomly (stuck).
  9320 | Gauntlet | 9320 ||| Stepping randomly (stuck).
  9321 | Gauntlet | 9321 ||| Stepping randomly (stuck).
  9322 | Gauntlet | 9322 ||| Stepping randomly (stuck).
  9323 | Gauntlet | 9323 ||| Stepping randomly (stuck).
  9324 | Gauntlet | 9324 ||| Stepping randomly (stuck).
  9325 | Gauntlet | 9325 ||| Stepping randomly (stuck).
  9326 | Gauntlet | 9326 ||| Stepping randomly (stuck).
  9327 | Gauntlet | 9327 ||| Stepping randomly (stuck).
  9328 | Gauntlet | 9328 ||| Stepping randomly (stuck).
  9329 | Gauntlet | 9329 ||| Stepping randomly (stuck).
  9330 | Gauntlet | 9330 ||| Stepping randomly (stuck).
  9331 | Gauntlet | 9331 ||| Stepping randomly (stuck).
  9332 | Gauntlet | 9332 ||| Stepping randomly (stuck).
  9333 | Gauntlet | 9333 ||| Stepping randomly (stuck).
  9334 | Gauntlet | 9334 ||| Stepping randomly (stuck).
  9335 | Gauntlet | 9335 ||| Stepping randomly (stuck).
  9336 | Gauntlet | 9336 ||| Stepping randomly (stuck).
  9337 | Gauntlet | 9337 ||| Stepping randomly (stuck).
  9338 | Gauntlet | 9338 ||| Stepping randomly (stuck).
  9339 | Gauntlet | 9339 ||| Stepping randomly (stuck).
  9340 | Gauntlet | 9340 ||| Stepping randomly (stuck).
  9341 | Gauntlet | 9341 ||| Stepping randomly (stuck).
  9342 | Gauntlet | 9342 ||| Stepping randomly (stuck).
  9343 | Gauntlet | 9343 ||| Stepping randomly (stuck).
  9344 | Gauntlet | 9344 ||| Stepping randomly (stuck).
  9345 | Gauntlet | 9345 ||| Stepping randomly (stuck).
  9346 | Gauntlet | 9346 ||| Stepping randomly (stuck).
  9347 | Gauntlet | 9347 ||| Stepping randomly (stuck).
  9348 | Gauntlet | 9348 ||| Stepping randomly (stuck).
  9349 | Gauntlet | 9349 ||| Stepping randomly (stuck).
  9350 | Gauntlet | 9350 ||| Stepping randomly (stuck).
  9351 | Gauntlet | 9351 ||| Stepping randomly (stuck).
  9352 | Gauntlet | 9352 ||| Stepping randomly (stuck).
  9353 | Gauntlet | 9353 ||| Stepping randomly (stuck).
  9354 | Gauntlet | 9354 ||| Stepping randomly (stuck).
  9355 | Gauntlet | 9355 ||| Stepping randomly (stuck).
  9356 | Gauntlet | 9356 ||| Stepping randomly (stuck).
  9368 | Gauntlet | 9368 ||| Stepping randomly (stuck).
  9369 | Gauntlet | 9369 ||| Stepping randomly (stuck).
  9370 | Gauntlet | 9370 ||| Stepping randomly (stuck).
  9371 | Gauntlet | 9371 ||| Stepping randomly (stuck).
  9372 | Gauntlet | 9372 ||| Stepping randomly (stuck).
  9373 | Gauntlet | 9373 ||| Stepping randomly (stuck).
  9374 | Gauntlet | 9374 ||| Stepping randomly (stuck).
  9375 | Gauntlet | 9375 ||| Stepping randomly (stuck).
  9379 | Gauntlet | 9379 ||| Stepping randomly (stuck).
  9380 | Gauntlet | 9380 ||| Stepping randomly (stuck).
  9381 | Gauntlet | 9381 ||| Stepping randomly (stuck).
  9382 | Gauntlet | 9382 ||| Stepping randomly (stuck).
  9383 | Gauntlet | 9383 ||| Stepping randomly (stuck).
  9384 | Gauntlet | 9384 ||| Stepping randomly (stuck).
  9385 | Gauntlet | 9385 ||| Stepping randomly (stuck).
  9386 | Gauntlet | 9386 ||| Stepping randomly (stuck).
  9387 | Gauntlet | 9387 ||| Stepping randomly (stuck).
  9388 | Gauntlet | 9388 ||| Stepping randomly (stuck).
  9389 | Gauntlet | 9389 ||| Stepping randomly (stuck).
  9390 | Gauntlet | 9390 ||| Stepping randomly (stuck).
  9391 | Gauntlet | 9391 ||| INVOKING Heroism.
  9404 | Gauntlet | 9404 ||| Stepping randomly (stuck).
  9405 | Gauntlet | 9405 ||| Stepping randomly (stuck).
  9406 | Gauntlet | 9406 ||| Stepping randomly (stuck).
  9407 | Gauntlet | 9407 ||| Stepping randomly (stuck).
  9408 | Gauntlet | 9408 ||| Stepping randomly (stuck).
  9409 | Gauntlet | 9409 ||| Stepping randomly (stuck).
  9410 | Gauntlet | 9410 ||| Stepping randomly (stuck).
  9411 | Gauntlet | 9411 ||| Stepping randomly (stuck).
  9412 | Gauntlet | 9412 ||| Stepping randomly (stuck).
  9413 | Gauntlet | 9413 ||| Stepping randomly (stuck).
  9414 | Gauntlet | 9414 ||| Stepping randomly (stuck).
  9415 | Gauntlet | 9415 ||| Stepping randomly (stuck).
  9416 | Gauntlet | 9416 ||| Stepping randomly (stuck).
  9417 | Gauntlet | 9417 ||| Stepping randomly (stuck).
  9418 | Gauntlet | 9418 ||| Stepping randomly (stuck).
  9419 | Gauntlet | 9419 ||| Stepping randomly (stuck).
  9420 | Gauntlet | 9420 ||| Stepping randomly (stuck).
  9421 | Gauntlet | 9421 ||| Stepping randomly (stuck).
  9422 | Gauntlet | 9422 ||| Stepping randomly (stuck).
  9423 | Gauntlet | 9423 ||| Stepping randomly (stuck).
  9424 | Gauntlet | 9424 ||| Stepping randomly (stuck).
  9425 | Gauntlet | 9425 ||| Stepping randomly (stuck).
  9426 | Gauntlet | 9426 ||| Stepping randomly (stuck).
  9427 | Gauntlet | 9427 ||| Stepping randomly (stuck).
  9428 | Gauntlet | 9428 ||| Stepping randomly (stuck).
  9429 | Gauntlet | 9429 ||| Stepping randomly (stuck).
  9430 | Gauntlet | 9430 ||| Stepping randomly (stuck).
  9431 | Gauntlet | 9431 ||| Stepping randomly (stuck).
  9432 | Gauntlet | 9432 ||| Stepping randomly (stuck).
  9433 | Gauntlet | 9433 ||| Stepping randomly (stuck).
  9434 | Gauntlet | 9434 ||| Stepping randomly (stuck).
  9435 | Gauntlet | 9435 ||| Stepping randomly (stuck).
  9436 | Gauntlet | 9436 ||| Stepping randomly (stuck).
  9437 | Gauntlet | 9437 ||| Stepping randomly (stuck).
  9438 | Gauntlet | 9438 ||| Stepping randomly (stuck).
  9439 | Gauntlet | 9439 ||| Stepping randomly (stuck).
  9440 | Gauntlet | 9440 ||| Stepping randomly (stuck).
  9441 | Gauntlet | 9441 ||| Stepping randomly (stuck).
  9442 | Gauntlet | 9442 ||| Stepping randomly (stuck).
  9443 | Gauntlet | 9443 ||| Stepping randomly (stuck).
  9444 | Gauntlet | 9444 ||| Stepping randomly (stuck).
  9445 | Gauntlet | 9445 ||| Stepping randomly (stuck).
  9446 | Gauntlet | 9446 ||| Stepping randomly (stuck).
  9447 | Gauntlet | 9447 ||| Stepping randomly (stuck).
  9448 | Gauntlet | 9448 ||| Stepping randomly (stuck).
  9449 | Gauntlet | 9449 ||| Stepping randomly (stuck).
  9450 | Gauntlet | 9450 ||| Stepping randomly (stuck).
  9453 | Gauntlet | 9453 ||| Stepping randomly (stuck).
  9454 | Gauntlet | 9454 ||| Stepping randomly (stuck).
  9455 | Gauntlet | 9455 ||| Stepping randomly (stuck).
  9456 | Gauntlet | 9456 ||| Stepping randomly (stuck).
  9457 | Gauntlet | 9457 ||| Stepping randomly (stuck).
  9458 | Gauntlet | 9458 ||| Stepping randomly (stuck).
  9459 | Gauntlet | 9459 ||| Stepping randomly (stuck).
  9460 | Gauntlet | 9460 ||| Stepping randomly (stuck).
  9461 | Gauntlet | 9461 ||| Stepping randomly (stuck).
  9462 | Gauntlet | 9462 ||| Stepping randomly (stuck).
  9463 | Gauntlet | 9463 ||| Stepping randomly (stuck).
  9464 | Gauntlet | 9464 ||| Stepping randomly (stuck).
  9465 | Gauntlet | 9465 ||| Stepping randomly (stuck).
  9466 | Gauntlet | 9466 ||| Stepping randomly (stuck).
  9467 | Gauntlet | 9467 ||| Stepping randomly (stuck).
  9468 | Gauntlet | 9468 ||| Stepping randomly (stuck).
  9469 | Gauntlet | 9469 ||| Stepping randomly (stuck).
  9470 | Gauntlet | 9470 ||| Stepping randomly (stuck).
  9471 | Gauntlet | 9471 ||| Stepping randomly (stuck).
  9472 | Gauntlet | 9472 ||| Stepping randomly (stuck).
  9473 | Gauntlet | 9473 ||| Stepping randomly (stuck).
  9474 | Gauntlet | 9474 ||| INVOKING Heroism.
  9490 | Gauntlet | HP: 12/77 [fire crab[an orange crystal statue] (9)]
  9543 | Gauntlet | 9543 ||| Stepping randomly (stuck).
  9544 | Gauntlet | 9544 ||| Stepping randomly (stuck).
  9545 | Gauntlet | 9545 ||| Stepping randomly (stuck).
  9546 | Gauntlet | 9546 ||| Stepping randomly (stuck).
  9547 | Gauntlet | 9547 ||| Stepping randomly (stuck).
  9552 | Gauntlet | 9552 ||| Stepping randomly (stuck).
  9553 | Gauntlet | 9553 ||| Stepping randomly (stuck).
  9554 | Gauntlet | 9554 ||| Stepping randomly (stuck).
  9555 | Gauntlet | 9555 ||| Stepping randomly (stuck).
  9556 | Gauntlet | 9556 ||| Stepping randomly (stuck).
  9557 | Gauntlet | 9557 ||| Stepping randomly (stuck).
  9558 | Gauntlet | 9558 ||| Stepping randomly (stuck).
  9559 | Gauntlet | 9559 ||| Stepping randomly (stuck).
  9559 | Gauntlet | Paralysed by a floating eye for 3 turns
  9565 | Gauntlet | 9565 ||| Stepping randomly (stuck).
  9566 | Gauntlet | 9566 ||| Stepping randomly (stuck).
  9567 | Gauntlet | 9567 ||| Stepping randomly (stuck).
  9636 | Gauntlet | 9636 ||| Stepping randomly (stuck).
  9637 | Gauntlet | 9637 ||| Stepping randomly (stuck).
  9638 | Gauntlet | 9638 ||| Stepping randomly (stuck).
  9639 | Gauntlet | 9639 ||| Stepping randomly (stuck).
  9757 | Gauntlet | Identified the ring "Xienant" {rCorr Str-2 Int+6 Dex+4}
  9757 | Gauntlet | Noticed a minotaur
  9758 | Gauntlet | 9758 ||| INVOKING Heroism.
  9769 | Gauntlet | Killed a minotaur
  9833 | Gauntlet | 9833 ||| UPGRADING to ring "Xienant" {rCorr Str-2 Int+6
                  | Dex+4}.
  9835 | Gauntlet | 9835 ||| DROPPING +4 ring of protection.
  9851 | D:11     | 9851 ||| PLANNING D:1-11
  9905 | D:10     | 9905 ||| INVOKING Heroism.
  9944 | D:10     | Noticed a two-headed ogre
  9951 | D:10     | Killed a two-headed ogre
 10350 | D:10     | Reached skill level 6 in Dodging
 10393 | D:10     | 10393 ||| Stepping ~*~*~tactically~*~*~ (outnumbered).
 10624 | D:11     | 10624 ||| INVOKING Heroism.
 10640 | D:11     | 10640 ||| STAIRDANCE
 10653 | D:11     | 10653 ||| INVOKING Heroism.
 10681 | D:11     | Reached skill level 15 in Ranged Weapons
 10708 | D:11     | 10708 ||| READING scroll of enchant weapon.
 10708 | D:11     | 10708 ||| ENCHANTING +2 orcbow of electrocution.
 10740 | D:11     | Noticed a four-headed hydra
 10741 | D:11     | 10741 ||| INVOKING Heroism.
 10746 | D:11     | Killed a four-headed hydra
 10747 | D:11     | Reached XP level 13. HP: 82/82 MP: 17/20
 10767 | D:11     | Found the +1 robe of Vines {NoPotionHeal Regen++++}
 10869 | D:11     | Found a staircase to the Lair.
 10880 | D:11     | 10880 ||| UPGRADING to +1 robe of Vines {NoPotionHeal
                  | Regen++++}.
 10885 | D:11     | 10885 ||| INVOKING Heroism.
 11066 | D:11     | 11066 ||| UPGRADING to +0 troll leather armour.
 11071 | D:11     | 11071 ||| UPGRADING to +1 robe of Vines {NoPotionHeal
                  | Regen++++}.
 11081 | D:11     | 11081 ||| DROPPING +0 troll leather armour.
 11155 | D:11     | 11155 ||| Stepping ~*~*~tactically~*~*~ (water).
 11176 | D:11     | Noticed a purple very ugly thing
 11184 | D:11     | Killed a purple very ugly thing
 11186 | D:11     | Identified the +1 cloak of the Other Side {rElec Str+4}
                  | (Okawaru gifted it to you on level 11 of the Dungeon)
 11186 | D:11     | Received a gift from Okawaru
 11187 | D:11     | 11187 ||| Stepping ~*~*~tactically~*~*~ (cloud).
 11288 | D:11     | Found a staircase to the Orcish Mines.
 11289 | D:11     | 11289 ||| Stepping ~*~*~tactically~*~*~ (outnumbered).
 11290 | D:11     | 11290 ||| Stepping ~*~*~tactically~*~*~ (outnumbered).
 11303 | D:11     | Reached skill level 16 in Ranged Weapons
 11471 | D:11     | 11471 ||| PLANNING LAIR
 11471 | D:11     | 11471 ||| READING scroll labelled XAMYIS GUONAO.
 11533 | Lair:1   | Entered Level 1 of the Lair of Beasts
 11533 | Lair:1   | Noticed Gastronok
 11534 | Lair:1   | 11534 ||| INVOKING Heroism.
 11547 | Lair:1   | Killed Gastronok
 11562 | Lair:1   | 11562 ||| INVOKING Heroism.
 11824 | Lair:1   | 11824 ||| INVOKING Heroism.
 11897 | Lair:1   | Noticed Maggie
 11900 | Lair:1   | Killed Maggie
 12315 | Lair:1   | 12315 ||| READING scroll labelled UMIECOBRAO.
 12441 | Lair:2   | 12441 ||| INVOKING Heroism.
 12482 | Lair:2   | 12482 ||| INVOKING Heroism.
 12520 | Lair:2   | 12520 ||| READING scroll of brand weapon.
 12520 | Lair:2   | 12520 ||| BRANDING +3 orcbow of electrocution.
 12568 | Lair:2   | Identified the +3 leather armour of Articulation {Int+3}
 12649 | Lair:2   | 12649 ||| INVOKING Heroism.
 12725 | Lair:2   | Found a staircase to the Shoals.
 12731 | Lair:2   | 12731 ||| Stepping ~*~*~tactically~*~*~ (water).
 12858 | Lair:2   | 12858 ||| READING scroll of enchant armour.
 12858 | Lair:2   | 12858 ||| ENCHANTING +0 pair of gloves.
 12906 | Lair:2   | 12906 ||| INVOKING Heroism.
 12917 | Lair:2   | Reached skill level 12 in Fighting
 13003 | Lair:2   | Found a hole to the Spider Nest.
 13004 | Lair:2   | 13004 ||| INVOKING Finesse.
 13313 | Lair:3   | 13313 ||| INVOKING Heroism.
 13337 | Lair:3   | Found the +11 Singing Sword {sonic wave}
 13777 | Lair:3   | 13777 ||| READING scroll of enchant armour.
 13777 | Lair:3   | 13777 ||| ENCHANTING +1 pair of gloves.
 13922 | Lair:4   | Identified the +6 rapier of Pempeow {vamp, rF+}
 14014 | Lair:4   | Gained mutation: Your large and strong wings let you fly.
                  | [Gargoyle growth]
 14014 | Lair:4   | Reached XP level 14. HP: 92/92 MP: 21/21
 14082 | Lair:4   | Reached skill level 9 in Dodging
 14148 | Lair:4   | Found a staircase to the Slime Pits.
 14163 | Lair:4   | Found a viscous altar of Jiyva.
 14203 | Lair:4   | 14203 ||| INVOKING Heroism.
 14204 | Lair:4   | 14204 ||| INVOKING Finesse.
 14264 | Lair:4   | 14264 ||| INVOKING Heroism.
 14265 | Lair:4   | 14265 ||| INVOKING Finesse.
 14330 | Lair:4   | 14330 ||| INVOKING Heroism.
 14444 | Lair:5   | Entered Level 5 of the Lair of Beasts
 14445 | Lair:5   | 14445 ||| INVOKING Heroism.
 14648 | Lair:5   | Found a sparkling altar of Nemelex Xobeh.
 14668 | Lair:5   | 14668 ||| INVOKING Heroism.
 14669 | Lair:5   | 14669 ||| INVOKING Finesse.
 14728 | Lair:5   | Reached skill level 6 in Armour
 14735 | Lair:5   | 14735 ||| INVOKING Heroism.
 14748 | Lair:5   | 14748 ||| INVOKING Finesse.
 14874 | Lair:5   | 14874 ||| INVOKING Heroism.
 14875 | Lair:5   | 14875 ||| INVOKING Finesse.
 14933 | Lair:5   | 14933 ||| INVOKING Heroism.
 14957 | Lair:5   | Identified the +8 falchion of Ravage {heavy, rPois rF+ rC+
                  | Dex+3}
 15145 | Lair:5   | 15145 ||| INVOKING Heroism.
 15146 | Lair:5   | 15146 ||| DROPPING ring of magical power.
 15227 | Lair:5   | 15227 ||| INVOKING Heroism.
 15397 | Lair:5   | Found a runed translucent door.
 15398 | Lair:5   | Noticed qw's ghost (journeyman GrFi)
 15465 | Lair:5   | Reached skill level 15 in Fighting
 15708 | Lair:5   | 15708 ||| PLANNING D
 15996 | D:12     | Found a runed translucent gate.
 15998 | D:12     | Found a runed translucent gate.
 15998 | D:12     | Found a runed translucent gate.
 15998 | D:12     | Noticed an azure jelly
 15998 | D:12     | Noticed an acid blob
 15998 | D:12     | Noticed qw's ghost (journeyman GrFi)
 15998 | D:12     | Noticed an acid blob
 15998 | D:12     | Noticed an azure jelly
 15998 | D:12     | Noticed an acid blob
 15999 | D:12     | Noticed an acid blob
 16000 | D:12     | Noticed an azure jelly
 16295 | D:12     | Found a viscous altar of Jiyva.
 16594 | D:12     | 16594 ||| Stepping randomly (stuck).
 16628 | D:13     | 16628 ||| STAIRDANCE
 16796 | D:13     | Reached XP level 15. HP: 103/103 MP: 22/22
 16797 | D:13     | 16797 ||| STAIRDANCE
 16896 | D:13     | 16896 ||| INVOKING Heroism.
 16902 | D:13     | Received a gift from Okawaru
 16911 | D:13     | 16911 ||| UPGRADING to +6 longbow of flaming.
 16912 | D:13     | 16912 ||| DROPPING +3 orcbow of freezing.
 17130 | D:13     | Found a hazy altar of Hepliaklqana.
 17190 | D:13     | Found a gate to the Vaults.
 17502 | D:14     | 17502 ||| Stepping ~*~*~tactically~*~*~ (outnumbered).
 17504 | D:14     | 17504 ||| Stepping ~*~*~tactically~*~*~ (outnumbered).
 17696 | D:14     | Noticed Nessos
 17697 | D:14     | 17697 ||| INVOKING Finesse.
 17699 | D:14     | Killed Nessos
 17818 | D:14     | Noticed Kirke
 17819 | D:14     | 17819 ||| INVOKING Heroism.
 17820 | D:14     | 17820 ||| INVOKING Finesse.
 17830 | D:14     | 17830 ||| DRINKING 2 potions of cancellation.
 17832 | D:14     | Reached skill level 17 in Ranged Weapons
 17836 | D:14     | Killed Kirke
 18108 | D:14     | Found a snail-covered altar of Cheibriados.
 18138 | D:14     | 18138 ||| INVOKING Heroism.
 18150 | D:14     | Received a gift from Okawaru
 18215 | D:14     | 18215 ||| READING scroll labelled GILISIFAUL.
 18233 | D:15     | Entered Level 15 of the Dungeon
 18750 | D:15     | Found a staircase to the Depths.
 18751 | D:15     | 18751 ||| INVOKING Heroism.
 18895 | D:15     | 18895 ||| PLANNING ORC
 19002 | Orc:1    | Entered Level 1 of the Orcish Mines
 19003 | Orc:1    | 19003 ||| INVOKING Heroism.
 19005 | Orc:1    | Reached skill level 18 in Ranged Weapons
 19064 | Orc:1    | Found Nyugaen's Armour Emporium.
 19080 | Orc:1    | 19080 ||| BUYING +0 helmet of Rax Xiss {Str+3} (231 gold).
 19080 | Orc:1    | Bought the +0 helmet of Rax Xiss {Str+3} for 231 gold
                  | pieces
 19080 | Orc:1    | 19080 ||| BUYING +2 hat (208 gold).
 19080 | Orc:1    | Bought a +2 hat for 208 gold pieces
 19080 | Orc:1    | 19080 ||| BUYING +2 pair of boots of flying (279 gold).
 19080 | Orc:1    | Bought a +2 pair of boots of flying for 279 gold pieces
 19136 | Orc:1    | 19136 ||| Stepping ~*~*~tactically~*~*~ (outnumbered).
 19138 | Orc:1    | 19138 ||| Stepping ~*~*~tactically~*~*~ (outnumbered).
 19140 | Orc:1    | 19140 ||| Stepping ~*~*~tactically~*~*~ (outnumbered).
 19333 | Orc:1    | 19333 ||| INVOKING Heroism.
 19334 | Orc:1    | 19334 ||| DRINKING 4 potions of curing.
 19334 | Orc:1    | 19334 ||| (to cure confusion)
 19335 | Orc:1    | 19335 ||| Stepping ~*~*~tactically~*~*~ (outnumbered).
 19413 | Orc:1    | 19413 ||| UPGRADING to +0 helmet of Rax Xiss {Str+3}.
 19423 | Orc:1    | 19423 ||| DROPPING +0 helmet.
 19424 | Orc:1    | 19424 ||| UPGRADING to +2 hat.
 19434 | Orc:1    | 19434 ||| DROPPING +0 helmet of Rax Xiss {Str+3}.
 19435 | Orc:1    | 19435 ||| UPGRADING to +2 pair of boots of flying.
 19445 | Orc:1    | 19445 ||| DROPPING +0 pair of boots.
 19496 | Orc:2    | Entered Level 2 of the Orcish Mines
 19894 | Orc:2    | 19894 ||| FLEEEEING.
 19897 | Orc:2    | 19897 ||| FLEEEEING.
 20022 | Orc:2    | Found Sietaz's Antique Weapon Emporium.
 20070 | Orc:2    | Found a staircase to the Elven Halls.
 20153 | Orc:2    | 20153 ||| INVOKING Heroism.
 20157 | Orc:2    | Noticed an orc warlord
 20158 | Orc:2    | 20158 ||| INVOKING Finesse.
 20176 | Orc:2    | Killed an orc warlord
 20193 | Orc:2    | Reached XP level 16. HP: 108/108 MP: 18/23
 20228 | Orc:2    | Found Dutuis's Antique Weapon Emporium.
 20230 | Orc:2    | Found Coheykhli's Antique Armour Shoppe.
 20302 | Orc:2    | 20302 ||| Stepping ~*~*~tactically~*~*~ (outnumbered).
 20382 | Orc:2    | 20382 ||| Stepping ~*~*~tactically~*~*~ (outnumbered).
 20411 | Orc:2    | 20411 ||| Stepping ~*~*~tactically~*~*~ (outnumbered).
 20425 | Orc:2    | Found Voifump's Distillery.
 20430 | Orc:2    | 20430 ||| BUYING 2 potions of cancellation (240 gold).
 20430 | Orc:2    | Bought 2 potions of cancellation for 240 gold pieces
 20430 | Orc:2    | 20430 ||| BUYING 2 potions of curing (90 gold).
 20430 | Orc:2    | Bought 2 potions of curing for 90 gold pieces
 20430 | Orc:2    | 20430 ||| BUYING potion of curing (45 gold).
 20430 | Orc:2    | Bought a potion of curing for 45 gold pieces
 20430 | Orc:2    | 20430 ||| BUYING potion of curing (45 gold).
 20430 | Orc:2    | Bought a potion of curing for 45 gold pieces
 20430 | Orc:2    | 20430 ||| BUYING potion of heal wounds (75 gold).
 20430 | Orc:2    | Bought a potion of heal wounds for 75 gold pieces
 20430 | Orc:2    | 20430 ||| BUYING potion of might (60 gold).
 20430 | Orc:2    | Bought a potion of might for 60 gold pieces
 20430 | Orc:2    | 20430 ||| BUYING potion of might (60 gold).
 20430 | Orc:2    | Bought a potion of might for 60 gold pieces
 20430 | Orc:2    | 20430 ||| BUYING potion of mutation (120 gold).
 20430 | Orc:2    | Bought a potion of mutation for 120 gold pieces
 20430 | Orc:2    | 20430 ||| BUYING potion of resistance (150 gold).
 20430 | Orc:2    | Bought a potion of resistance for 150 gold pieces
 20559 | Orc:2    | Reached skill level 19 in Ranged Weapons
 20695 | Orc:2    | 20695 ||| PLANNING SHOALS:1-3
 20851 | Shoals:1 | Entered Level 1 of the Shoals
 20852 | Shoals:1 | 20852 ||| INVOKING Heroism.
 20907 | Shoals:1 | 20907 ||| INVOKING Heroism.
 21003 | Shoals:1 | Received a gift from Okawaru
 21106 | Shoals:1 | 21106 ||| INVOKING Heroism.
 21107 | Shoals:1 | 21107 ||| INVOKING Finesse.
 21171 | Shoals:1 | Noticed Josephine
 21173 | Shoals:1 | 21173 ||| INVOKING Heroism.
 21188 | Shoals:1 | Killed Josephine
 21276 | Shoals:1 | 21276 ||| INVOKING Heroism.
 21352 | Shoals:1 | Reached skill level 20 in Ranged Weapons
 21416 | Shoals:1 | Noticed a kraken
 21432 | Shoals:1 | Killed a kraken
 21629 | Shoals:1 | 21629 ||| DROPPING +1 hat.
 21667 | Shoals:2 | 21667 ||| PLANNING BAZAAR
 21667 | Shoals:2 | 21667 ||| INVOKING Heroism.
 21668 | Shoals:2 | 21668 ||| INVOKING Finesse.
 21733 | Shoals:2 | Received a gift from Okawaru
 21735 | Shoals:2 | 21735 ||| UPGRADING to +2 triple crossbow of freezing.
 21736 | Shoals:2 | 21736 ||| DROPPING +6 longbow of flaming.
 21737 | Shoals:2 | 21737 ||| READING scroll of enchant weapon.
 21737 | Shoals:2 | 21737 ||| ENCHANTING +2 triple crossbow of freezing.
 21809 | Shoals:2 | 21809 ||| INVOKING Heroism.
 21936 | Shoals:2 | Noticed a kraken
 21945 | Shoals:2 | Killed a kraken
 21947 | Shoals:2 | 21947 ||| INVOKING Heroism.
 21969 | Shoals:2 | Found a flickering gateway to a bazaar.
 21977 | Shoals:2 | Paralysed by a great orb of eyes for 2 turns
 21990 | Bazaar   | Entered a bazaar
 22014 | Bazaar   | Found Yqahost's Armour Shoppe.
 22019 | Bazaar   | 22019 ||| BUYING +3 hat of Pondering {ponderous, Will+
                  | MP+10 Int+5} (457 gold).
 22019 | Bazaar   | Bought the +3 hat of Pondering {ponderous, Will+ MP+10
                  | Int+5} for 457 gold pieces
 22019 | Bazaar   | Found the +3 hat of Pondering {ponderous, Will+ MP+10
                  | Int+5}
 22030 | Bazaar   | Found Kescharhi's Antique Weapon Emporium.
 22046 | Bazaar   | Found Ontynwel's Antique Weapon Emporium.
 22070 | Shoals:2 | 22070 ||| PLANNING SHOALS:1-3
 22078 | Shoals:2 | 22078 ||| INVOKING Heroism.
 22093 | Shoals:2 | Noticed a tentacled monstrosity
 22094 | Shoals:2 | 22094 ||| INVOKING Finesse.
 22099 | Shoals:2 | Killed a tentacled monstrosity
 22127 | Shoals:2 | Identified the ring of Vurghiulu {rElec EV+5 Str+2}
 22138 | Shoals:2 | 22138 ||| INVOKING Heroism.
 22400 | Shoals:2 | 22400 ||| UPGRADING to ring of Vurghiulu {rElec EV+5
                  | Str+2}.
 22771 | Shoals:3 | 22771 ||| STAIRDANCE
 22789 | Shoals:3 | 22789 ||| INVOKING Heroism.
 22794 | Shoals:3 | 22794 ||| Stepping ~*~*~tactically~*~*~ (outnumbered).
 22795 | Shoals:3 | 22795 ||| Stepping ~*~*~tactically~*~*~ (outnumbered).
 22798 | Shoals:3 | Reached skill level 21 in Ranged Weapons
 22807 | Shoals:3 | Reached XP level 17. HP: 114/114 MP: 24/24
 22849 | Shoals:3 | 22849 ||| INVOKING Heroism.
 22850 | Shoals:3 | 22850 ||| INVOKING Finesse.
 22948 | Shoals:3 | Received a gift from Okawaru
 23002 | Shoals:3 | 23002 ||| INVOKING Heroism.
 23003 | Shoals:3 | 23003 ||| Stepping ~*~*~tactically~*~*~ (outnumbered).
 23156 | Shoals:3 | 23156 ||| Stepping ~*~*~tactically~*~*~ (outnumbered).
 23216 | Shoals:3 | 23216 ||| INVOKING Heroism.
 23354 | Shoals:3 | Noticed a kraken
 23360 | Shoals:3 | 23360 ||| INVOKING Heroism.
 23364 | Shoals:3 | Killed a kraken
 23492 | Shoals:3 | 23492 ||| PLANNING SPIDER:1-3
 23622 | Spider:1 | Entered Level 1 of the Spider Nest
 23629 | Spider:1 | 23629 ||| STAIRDANCE
 23631 | Lair:2   | 23631 ||| DRINKING 11 potions of curing.
 23631 | Lair:2   | 23631 ||| (to cure confusion)
 23641 | Spider:1 | Reached skill level 22 in Ranged Weapons
 23643 | Spider:1 | 23643 ||| DRINKING 10 potions of curing.
 23643 | Spider:1 | 23643 ||| (to cure confusion)
 23644 | Spider:1 | 23644 ||| STAIRDANCE
 23659 | Spider:1 | 23659 ||| Stepping ~*~*~tactically~*~*~ (outnumbered).
 23661 | Spider:1 | 23661 ||| Stepping ~*~*~tactically~*~*~ (outnumbered).
 23672 | Spider:1 | 23672 ||| INVOKING Heroism.
 23681 | Spider:1 | 23681 ||| DRINKING 9 potions of curing.
 23681 | Spider:1 | 23681 ||| (to cure confusion)
 23699 | Spider:1 | 23699 ||| INVOKING Heroism.
 23729 | Spider:1 | 23729 ||| STAIRDANCE
 23973 | Spider:1 | 23973 ||| INVOKING Finesse.
 24588 | Spider:2 | Noticed Agnes
 24589 | Spider:2 | 24589 ||| INVOKING Heroism.
 24594 | Spider:2 | Killed Agnes
 25016 | Spider:3 | 25016 ||| INVOKING Finesse.
 25135 | Spider:3 | 25135 ||| INVOKING Heroism.
 25190 | Spider:3 | Reached skill level 12 in Dodging
 25637 | Spider:3 | 25637 ||| Stepping ~*~*~tactically~*~*~ (outnumbered).
 25641 | Spider:3 | 25641 ||| INVOKING Heroism.
 25651 | Spider:3 | Reached XP level 18. HP: 93/124 MP: 23/25
 25662 | Spider:3 | 25662 ||| INVOKING Heroism.
 25668 | Spider:3 | HP: 27/124 [sun moth (9)]
 25669 | Spider:3 | 25669 ||| READING 14 scrolls of teleportation.
 26042 | Spider:3 | 26042 ||| PLANNING SHOALS:4
 26042 | Spider:3 | 26042 ||| READING 15 scrolls of identify.
 26042 | Spider:3 | 26042 ||| IDENTIFYING fuming sapphire potion
 26043 | Spider:3 | 26043 ||| DROPPING potion of berserk rage.
 26249 | Shoals:4 | Entered Level 4 of the Shoals
 26319 | Shoals:4 | 26319 ||| Stepping ~*~*~tactically~*~*~ (outnumbered).
 26322 | Shoals:4 | 26322 ||| INVOKING Heroism.
 26323 | Shoals:4 | 26323 ||| Stepping ~*~*~tactically~*~*~ (outnumbered).
 26367 | Shoals:4 | 26367 ||| INVOKING Heroism.
 26387 | Shoals:4 | 26387 ||| INVOKING Heroism.
 26388 | Shoals:4 | 26388 ||| INVOKING Finesse.
 26390 | Shoals:4 | Reached skill level 18 in Fighting
 26395 | Shoals:4 | 26395 ||| Stepping ~*~*~tactically~*~*~ (outnumbered).
 26442 | Shoals:4 | Got a barnacled rune of Zot
 26536 | Shoals:4 | 26536 ||| INVOKING Heroism.
 26543 | Shoals:4 | 26543 ||| INVOKING Finesse.
 27097 | Shoals:4 | 27097 ||| UPGRADING to amulet of faith.
 27107 | Shoals:4 | 27107 ||| PLANNING VAULTS:1-4
 27314 | Vaults:1 | Entered Level 1 of the Vaults
 27416 | Vaults:1 | Received a gift from Okawaru
 27511 | Vaults:1 | 27511 ||| FLEEEEING.
 27514 | Vaults:1 | 27514 ||| FLEEEEING.
 27515 | Vaults:1 | 27515 ||| FLEEEEING.
 27535 | Vaults:1 | Paralysed by a sphinx for 5 turns
 27576 | Vaults:1 | 27576 ||| INVOKING Heroism.
 27577 | Vaults:1 | 27577 ||| INVOKING Finesse.
 27578 | Vaults:1 | 27578 ||| Stepping ~*~*~tactically~*~*~ (outnumbered).
 27695 | Vaults:1 | 27695 ||| Stepping ~*~*~tactically~*~*~ (outnumbered).
 27697 | Vaults:1 | 27697 ||| Stepping ~*~*~tactically~*~*~ (outnumbered).
 27699 | Vaults:1 | 27699 ||| Stepping ~*~*~tactically~*~*~ (outnumbered).
 27715 | Vaults:1 | 27715 ||| Stepping ~*~*~tactically~*~*~ (outnumbered).
 28166 | Vaults:1 | Reached XP level 19. HP: 132/132 MP: 26/26
 28177 | Vaults:1 | 28177 ||| INVOKING Finesse.
 28190 | Vaults:1 | 28190 ||| DROPPING +2 pair of gloves.
 28194 | Vaults:1 | 28194 ||| Stepping ~*~*~tactically~*~*~ (outnumbered).
 28197 | Abyss:3  | Cast into level 3 of the Abyss (a deep elf demonologist)
 28207 | Abyss:3  | Found a corrupted altar of Lugonu.
 28274 | Abyss:3  | 28274 ||| Stepping ~*~*~tactically~*~*~ (outnumbered).
 28298 | Abyss:3  | Reached ****** piety under Okawaru
 28306 | Abyss:3  | 28306 ||| INVOKING Heroism.
 28307 | Abyss:3  | 28307 ||| INVOKING Finesse.
 28308 | Abyss:3  | Identified the +0 kite shield "Ynimiqeb" {*Slow Fly rElec
                  | Int+2} (Okawaru gifted it to you on level 3 of the Abyss)
 28308 | Abyss:3  | Received a gift from Okawaru
 28356 | Abyss:3  | 28356 ||| INVOKING Finesse.
 28363 | Vaults:1 | Escaped the Abyss
 28369 | Vaults:1 | 28369 ||| INVOKING Heroism.
 28436 | Vaults:1 | Identified the +2 cloak of Knowledge {Str+2}
 28443 | Vaults:1 | Identified the staff of earth "Umasm" {rF+ rC+}
 28559 | Vaults:1 | Found Immeyzotiu's Antique Armour Boutique.
 28771 | Vaults:2 | 28771 ||| STAIRDANCE
 28990 | Vaults:2 | Noticed a bone dragon
 28998 | Vaults:2 | Killed a bone dragon
 28999 | Vaults:2 | Found a staircase to the Crypt.
 29062 | Vaults:2 | 29062 ||| Stepping ~*~*~tactically~*~*~ (outnumbered).
 29231 | Vaults:2 | 29231 ||| INVOKING Heroism.
 29232 | Vaults:2 | 29232 ||| INVOKING Finesse.
 29362 | Vaults:2 | Noticed Boris
 29363 | Vaults:2 | 29363 ||| INVOKING Heroism.
 29364 | Vaults:2 | 29364 ||| INVOKING Finesse.
 29379 | Vaults:2 | Killed Boris
 29436 | Vaults:2 | 29436 ||| Stepping ~*~*~tactically~*~*~ (outnumbered).
 29438 | Vaults:2 | 29438 ||| Stepping ~*~*~tactically~*~*~ (outnumbered).
 29440 | Vaults:2 | 29440 ||| Stepping ~*~*~tactically~*~*~ (outnumbered).
 29442 | Vaults:2 | 29442 ||| INVOKING Heroism.
 29443 | Vaults:2 | 29443 ||| INVOKING Finesse.
 29447 | Vaults:2 | 29447 ||| Stepping ~*~*~tactically~*~*~ (outnumbered).
 29501 | Vaults:2 | 29501 ||| Stepping ~*~*~tactically~*~*~ (outnumbered).
 29504 | Vaults:2 | Paralysed by a great orb of eyes for 4 turns
 29508 | Vaults:2 | 29508 ||| INVOKING Heroism.
 29511 | Vaults:2 | HP: 31/136 [vault warden/+1 long sword of holy wrath (23)]
 29511 | Vaults:2 | HP: 14/136 [vault warden/+0 war axe (17)]
 29512 | Vaults:2 | 29512 ||| READING 14 scrolls of teleportation.
 29640 | Vaults:2 | 29640 ||| DRINKING 9 potions of curing.
 29640 | Vaults:2 | 29640 ||| (to cure confusion)
 29643 | Vaults:2 | Reached skill level 21 in Fighting
 29675 | Vaults:2 | 29675 ||| INVOKING Heroism.
 29683 | Vaults:2 | 29683 ||| INVOKING Finesse.
 29685 | Vaults:2 | Received a gift from Okawaru
 29690 | Vaults:2 | HP: 18/137 [yaktaur captain/bolt (32)]
 29691 | Vaults:2 | 29691 ||| READING 13 scrolls of teleportation.
 29841 | Abyss:3  | Found a corrupted altar of Lugonu.
 29841 | Abyss:3  | Cast into level 3 of the Abyss (a wizard)
 29861 | Abyss:3  | 29861 ||| INVOKING Heroism.
 29881 | Abyss:3  | 29881 ||| Stepping ~*~*~tactically~*~*~ (outnumbered).
 29887 | Abyss:3  | 29887 ||| INVOKING Heroism.
 29892 | Abyss:3  | 29892 ||| Stepping ~*~*~tactically~*~*~ (outnumbered).
 29895 | Abyss:3  | 29895 ||| INVOKING Finesse.
 29896 | Abyss:3  | 29896 ||| Stepping ~*~*~tactically~*~*~ (outnumbered).
 29896 | Abyss:3  | HP: 30/137 [starcursed mass/accursed screaming (13)]
 29897 | Abyss:3  | 29897 ||| READING 12 scrolls of teleportation.
 29901 | Abyss:3  | Noticed a tentacled monstrosity
 29901 | Abyss:3  | HP: 34/137 [will-o-the-wisp/foxfire (2)]
 29903 | Abyss:3  | 29903 ||| Stepping ~*~*~tactically~*~*~ (outnumbered).
 29904 | Abyss:3  | 29904 ||| Stepping ~*~*~tactically~*~*~ (outnumbered).
 29904 | Abyss:3  | HP: 9/137 [starcursed mass/accursed screaming (13)]
 29904 | Abyss:3  | Paralysed by accursed screaming for 1 turns
 29905 | Abyss:3  | 29905 ||| Stepping ~*~*~tactically~*~*~ (outnumbered).
 29908 | Abyss:3  | 29908 ||| Stepping ~*~*~tactically~*~*~ (outnumbered).
 29909 | Abyss:3  | 29909 ||| Stepping ~*~*~tactically~*~*~ (outnumbered).
 29910 | Abyss:3  | 29910 ||| READING 11 scrolls of teleportation.
 29911 | Abyss:3  | 29911 ||| Stepping ~*~*~tactically~*~*~ (outnumbered).
 29911 | Abyss:3  | HP: 13/137 [starcursed mass/accursed screaming (8)]
 29912 | Abyss:3  | 29912 ||| Stepping ~*~*~tactically~*~*~ (outnumbered).
 29913 | Abyss:3  | Killed from afar by a starcursed mass

Levels and vault maps discovered:
D:1:      lemuel_arrival_funnel, layout_basic, serial_shops, shop,
          shapermc_ecumenical_altar_mp_highgroup, serial_glass, glass_columns_a,
          glass_columns_b
D:2:      layout_basic, serial_shops, nicolae_square_shop, minmay_between
D:3:      layout_rooms, kennysheep_flooded_box
D:4:      layout_basic, minmay_temple_entry_proselytizer, hex_medium,
          uniq_duvessa
D:5:      layout_loops_ring, grunt_temple_overflow_open, gup_sewer_entry_spiral,
          uniq_eustachio
D:6:      due_chaos_kobolds, layout_rooms, serial_undead, serial_undead_a,
          serial_undead_e, serial_undead_d, serial_undead_f, chequers_arboretum,
          grunt_decor_resistance
D:7:      layout_basic, kennysheep_mini_moat
D:8:      layout_basic, minivault_1, nicolae_shop_firing_range
D:9:      layout_small_grid, minmay_chambers_of_fives
D:10:     layout_cave_pods, serial_gnoll_camp, gnoll_camp_huts_basic,
          gnoll_camp_mini_basic, gnoll_camp_mini_loothouse,
          gnoll_camp_mini_basic
D:11:     cheibrodos_breeding_chamber, layout_rooms,
          kennysheep_orc_monster_closet_entryway, gauntlet_entry_generic,
          hellmonk_guarded_unrand_vines, uniq_urug
D:12:     layout_basic, serial_corexii_hall, corexii_hall_statues_u,
          corexii_hall_statues_t, gammafunk_ghost_ooze, minmay_circle_x,
          uniq_azrael
D:13:     layout_irregular_city, david_vaults_4, nzn_hepliaklqana_mist_gate
D:14:     layout_gridville, cheibriados_altar_1, uniq_nessos, uniq_kirke
D:15:     hangedman_depths_entry_try_elsewhere_first, layout_irregular_city
Temple:   sentei_temple_godly_chess
Lair:1:   layout_regular_city, uniq_maggie, uniq_gastronok
Lair:2:   layout_cave_pods, elwin_shoals_entry_rooms,
          nicolae_spider_entry_orb_guardian
Lair:3:   layout_roguey, chequers_serial_rivers_micro_c
Lair:4:   layout_cave_shapes, slime_entry_1, infiniplex_staircase_pool_2
Lair:5:   evilmike_catoblepas_cave, layout_loops_ring, gammafunk_ghost_grave,
          basic_altar, dpeg_oklob_1, serial_bayou_shore_b, lemuel_fruit_tree
Shoals:1: layout_shoals, uniq_josephine
Shoals:2: dreamdust_from_the_deep, layout_shoals, serial_shops, bzr_entry_water
Shoals:3: layout_shoals
Shoals:4: shoals_end_simple, layout_shoals, nicolae_shoals_secluded_bog
Spider:1: layout_spider_delve, nicolae_spider_not_touching_you
Spider:2: layout_spider_delve, uniq_agnes
Spider:3: layout_chambers
Orc:1:    nicolae_orc_accident_3, layout_diamond_mine, serial_shops, shop,
          minmay_orc_temple_b
Orc:2:    grunt_orc_community_town_hall, layout_caves,
          grunt_orc_community_big_house_2, grunt_orc_community_big_house_2,
          grunt_orc_community_house_1, grunt_orc_community_house_3,
          grunt_orc_community_house_2, grunt_orc_community_house_2,
          grunt_orc_community_house_2, nicolae_orc_lava_tube,
          minmay_orc_temple_a
Vaults:1: ontoclasm_vaults_tryst, nicolae_vaults_storing_the_good_stuff,
          vaults_mumra_minichess, grunt_vaults_swirl, vaults_room_pool,
          nicolae_vaults_little_squares_3, nicolae_vaults_little_squares_6,
          v_misc_18, ontoclasm_vaults_decontamination, layout_vaults_big_room,
          serial_shops, nicolae_diamond_shop
Vaults:2: nicolae_vaults_storage_room_doors, hangedman_vaults_impose,
          dpeg_vaults_pockets_of_resistance, nicolae_vaults_storage_closets_3,
          vaults_mumra_minichess_inversion, minmay_crypt_entry_nasty_monster,
          layout_vaults_omnigrid, uniq_boris
Abyss:3:  base: D:4, base: Sewer, base: Lair:3, evilmike_abyss_exit_plants

Skill      XL: |  1  2  3  4  5  6  7  8  9 10 11 12 13 14 15 16 17 18 19 |
---------------+----------------------------------------------------------+-----
Armour         | 1 2 3 4 5 6 8 |  8.0
Ranged Weapons | 5 6 7 8 9 11 12 13 15 16 18 21 22 | 22.0
Fighting       | 3 4 5 6 7 8 9 10 12 15 17 19 21 | 21.0
Invocations    | 2 4 5 9 10 | 10.0
Dodging        | 2 3 4 5 6 8 10 11 12 13 14 | 14.5
Stealth        | |  1.1

Action                     |  1- 3 |  4- 6 |  7- 9 | 10-12 | 13-15 | 16-18 | 19-21 || total
---------------------------+-------+-------+-------+-------+-------+-------+-------++-------
   Fire: Shortbow          |    64 |   151 |   340 |    22 |       |       |       ||   577
         Orcbow            |       |       |       |   530 |   632 |       |       ||  1162
         Arbalest          |       |       |       |    30 |       |       |       ||    30
         Longbow           |       |       |       |       |   440 |   241 |       ||   681
         Triple crossbow   |       |       |       |       |       |   733 |   274 ||  1007
 Invoke: Heroism           |       |       |     9 |    20 |    26 |    26 |     9 ||    90
         Finesse           |       |       |       |     4 |     9 |     9 |     8 ||    30
    Use: Scroll            |     4 |     4 |     5 |     8 |     6 |     3 |     4 ||    34
         Potion            |       |       |     2 |     5 |     2 |     3 |     1 ||    13
 Armour: Leather armour    |     6 |       |       |       |       |       |       ||     6
         Ring mail         |     4 |    33 |   133 |    30 |       |       |       ||   200
         Troll leather arm |       |       |       |    89 |     2 |       |       ||    91
         Robe              |       |       |       |       |    59 |   168 |    85 ||   312
         Skin              |       |       |       |       |     3 |       |       ||     3
  Dodge: Dodged            |     7 |    46 |   193 |   219 |   132 |   736 |   398 ||  1731
  Block: Other             |       |       |    57 |    53 |    32 |   109 |       ||   251
         Reflection        |       |       |     3 |     8 |     7 |    13 |       ||    31

Table legend:
 A = Non-vault XP
 B = Vault XP
 C = Vault XP percentage of total XP
 D = Non-vault monster count
 E = Vault monster count
 F = Vault count percentage of total count
                 A         B        C        D         E       F
            +---------+---------+-------+---------+---------+-------
      Total |  260355 |  128012 |  33.0 |     820 |     346 |  29.7
            +---------+---------+-------+---------+---------+-------
        D:1 |      21 |       0 |   0.0 |      11 |       0 |   0.0
        D:2 |     176 |       3 |   1.7 |      27 |       3 |  10.0
        D:3 |     139 |       0 |   0.0 |      18 |       0 |   0.0
        D:4 |     374 |     246 |  39.7 |      28 |       3 |   9.7
        D:5 |     866 |     247 |  22.2 |      21 |       9 |  30.0
        D:6 |     478 |     436 |  47.7 |      10 |       8 |  44.4
        D:7 |    1083 |       0 |   0.0 |      20 |       0 |   0.0
        D:8 |    1531 |       6 |   0.4 |      17 |       3 |  15.0
        D:9 |    2844 |     387 |  12.0 |      22 |       4 |  15.4
       D:10 |    2191 |     783 |  26.3 |      15 |      27 |  64.3
       D:11 |    6793 |    8922 |  56.8 |      15 |      32 |  68.1
       D:12 |    7220 |    2940 |  28.9 |      25 |      11 |  30.6
       D:13 |    8515 |    2091 |  19.7 |      27 |       4 |  12.9
       D:14 |    8976 |    2819 |  23.9 |      19 |       4 |  17.4
       D:15 |    6245 |    2387 |  27.7 |      14 |       3 |  17.6
     Lair:1 |    2816 |    1981 |  41.3 |      14 |       2 |  12.5
     Lair:2 |    6947 |    1505 |  17.8 |      25 |       3 |  10.7
     Lair:3 |    2075 |       0 |   0.0 |       7 |       0 |   0.0
     Lair:4 |    6997 |       0 |   0.0 |      18 |       0 |   0.0
     Lair:5 |   11278 |   12137 |  51.8 |      38 |      26 |  40.6
   Shoals:1 |   20582 |    1541 |   7.0 |      39 |       4 |   9.3
   Shoals:2 |   13926 |   10704 |  43.5 |      28 |      10 |  26.3
   Shoals:3 |   22389 |       0 |   0.0 |      41 |       0 |   0.0
   Shoals:4 |   11027 |   17930 |  61.9 |      24 |      28 |  53.8
   Spider:1 |   17153 |    2878 |  14.4 |      48 |       4 |   7.7
   Spider:2 |    5795 |    1414 |  19.6 |      13 |       1 |   7.1
   Spider:3 |   16924 |       0 |   0.0 |      42 |       0 |   0.0
      Orc:1 |    5004 |    1589 |  24.1 |      48 |      26 |  35.1
      Orc:2 |    2733 |    6603 |  70.7 |      38 |      79 |  67.5
   Vaults:1 |   33482 |   17813 |  34.7 |      48 |      19 |  28.4
   Vaults:2 |   14495 |   28267 |  66.1 |      25 |      29 |  53.7
    Abyss:3 |   18578 |       0 |   0.0 |      33 |       0 |   0.0
   Gauntlet |     702 |    2383 |  77.2 |       2 |       4 |  66.7
            +---------+---------+-------+---------+---------+-------
